Cogmind - Beta 16.1 @@@ ROGUE MODE // 2026.03.10 @ 12:49:17 Player: Wulphy Result: Destroyed by Borg Serf with Self-contained Borg Laser Performance ------------- Evolutions (8) 4000 Regions Visited (29) 5800 Robots Destroyed (343) 1715 Value Destroyed (20543) 20543 Prototype IDs (67) 1340 Alien Tech Used (2) 400 Bonus (25869) 25869 TOTAL SCORE: 59667 Bonus ------- High Alert Combat Kills 2949 Follower Combat Kills 15426 Hunted by Unchained 500 Entered Garrisons 1000 Used RIF Installer 3000 Built Enhanced Grunts 300 A7 Reached Mainframe 300 Met R17 at Cetus 500 Met R17 at Research 2000 Friendly Fire -106 Cogmind --------- Core Integrity 0/1450 Matter 21/300 Energy 146/1100 System Corruption 1% Temperature Cool (27) Movement Core (2450) Ox48 Location -2/Quarantine Parts ------- > --- POWER (4) -------- (None) > --- PROPULSION (4) --- (None) > --- UTILITY (9) ------ Experimental Coolant Injector Cargo Storage Unit Advanced Energy Well Advanced Energy Well Experimental Optical Array Relay Coupler [Grunt] (20) Relay Coupler [Programmer] (56) > --- WEAPON (6) ------- (None) > --- INVENTORY (30) --- Quantum Reactor High-density Centrium Wheel High-density Centrium Wheel Advanced Power Amplifier Advanced Matter Compressor (110) Long-range Terrain Scanner Advanced Kinecellerator Experimental EM Disruption Field Advanced Remote Force Field Advanced Point Defense System Relay Coupler [Grunt] (49) Relay Coupler [Grunt] (50) Relay Coupler [Programmer] (91) Relay Coupler [Proto] (15) Relay Coupler [Proto] (15) Advanced Component Analysis Suite Long-range Tractor Beam Hacking Drone Bay (1/1) Advanced Datajack Advanced Remote Datajack Advanced Remote Datajack PL-3XN's Ring of Power PL-3XN's Ring of Power Disassembled Obliterator Peak State ------------ > --- POWER ------------ Quantum Reactor Quantum Reactor Quantum Reactor Light Quantum Reactor Reinforced Quantum Reactor > --- PROPULSION ------- Centrium Wheel Centrium Wheel High-density Centrium Wheel High-density Centrium Wheel > --- UTILITY ---------- Cargo Storage Unit Experimental Optical Array Advanced Remote Force Field Relay Coupler [Grunt] Relay Coupler [Sentry] Relay Coupler [Programmer] Hacking Drone Bay Power Bank > --- WEAPON ----------- Hellfire Missile Launcher 1B-0RG's Assimilator > --- INVENTORY -------- High-density Centrium Wheel High-density Centrium Wheel Advanced Power Amplifier Experimental Coolant Injector Advanced Energy Well Advanced Energy Well Advanced Matter Compressor Long-range Terrain Scanner Advanced Remote Force Field Advanced Point Defense System Relay Coupler [NC] Relay Coupler [Grunt] Relay Coupler [Grunt] Relay Coupler [Sentry] Relay Coupler [Programmer] Relay Coupler [Proto] Relay Coupler [Proto] Advanced Component Analysis Suite Long-range Tractor Beam Enhanced Nova Cannon Compact Tesla Bomb Launcher Hellfire Missile Launcher Advanced Datajack Advanced Remote Datajack Advanced Remote Datajack Advanced Remote Datajack PL-3XN's Ring of Power PL-3XN's Ring of Power Disassembled Obliterator [Rating: 223] Favorites ----------- Power Quantum Reactor Engine F-cell Engine Power Core Neutrino Core Reactor Quantum Reactor Propulsion High-density Centrium Wheel Treads Light Treads Wheel High-density Centrium Wheel Utility Cargo Storage Unit Device Improved Cooling System Storage Cargo Storage Unit Processor Spectral Analyzer Hackware Relay Coupler [Grunt] Protection Layered Medium Armor Plating Artifact Phase Redirector Weapon Long-range Phase Cannon Energy Gun Gatling Laser Energy Cannon Long-range Phase Cannon Ballistic Gun Heavy Battle Rifle Ballistic Cannon Hardcell Cannon Launcher Hellfire Missile Launcher Special Weapon Improved Remote Datajack Special Melee Weapon 1B-0RG's Assimilator Build | -11 -10 -10 -8 -7 -7 -7 -7 -6 -6 -6 -6 -6 -6 -6 -5 -5 -5 -5 -5 -5 -4 -4 -4 -4 -3 -3 -3 -2 -2 ------- Run | Yrd Mat Sub Mat Fac Low Low Zio Pro Fac Ext Cet Arc Hub Gar Fac Was Fac Gar Fac Gar Fac Gar Fac Gar Res Arm Lab Res Qua Slots Evolved 16 | . . . 4 2 . . . . 2 . . . . . 2 . . . . . 2 . . . 2 . . 2 . Power 3 | . . . . . . . . . . . . . . . 1 . . . . . . . . . . . . 2 . Propulsion 2 | . . . 1 . . . . . . . . . . . . . . . . . . . . . 1 . . . . Utility 7 | . . . 1 2 . . . . 2 . . . . . 1 . . . . . . . . . 1 . . . . Weapon 4 | . . . 2 . . . . . . . . . . . . . . . . . 2 . . . . . . . . Parts Attached 297 | 8 4 9 26 7 5 2 6 7 26 3 6 2 6 8 10 3 4 21 15 17 11 9 18 14 10 24 1 10 5 Power 42 | 1 . . 3 1 1 . . 2 1 . . . 1 3 3 . . 4 2 5 2 . 2 . 3 5 . 2 1 Engine 13 | 1 . . 2 1 1 . . 1 1 . . . . 1 . . . 1 1 2 1 . . . . . . . . Core 10 | . . . 1 . . . . 1 . . . . . 1 3 . . 3 . 1 . . . . . . . . . Reactor 19 | . . . . . . . . . . . . . 1 1 . . . . 1 2 1 . 2 . 3 5 . 2 1 Propulsion 21 | 2 . 3 2 1 . 1 . . 4 . 2 . 1 . . . . . . . 1 1 2 1 . . . . . Treads 3 | 2 . 1 . . . . . . . . . . . . . . . . . . . . . . . . . . . Leg . | . . . . . . . . . . . . . . . . . . . . . . . . . . . . . . Wheel 18 | . . 2 2 1 . 1 . . 4 . 2 . 1 . . . . . . . 1 1 2 1 . . . . . Hover . | . . . . . . . . . . . . . . . . . . . . . . . . . . . . . . Flight . | . . . . . . . . . . . . . . . . . . . . . . . . . . . . . . Utility 157 | 2 3 2 11 2 2 1 5 2 11 3 1 1 3 5 4 2 4 9 9 10 7 7 13 11 5 14 . 6 2 Device 62 | 1 1 1 4 1 . 1 2 2 5 1 . 1 1 3 3 1 3 5 1 2 1 2 4 3 3 6 . 4 . Storage 13 | 1 1 1 1 . . . . . 2 . . . 1 1 . . . . . . . . 3 1 1 . . . . Processor 9 | . . . . 1 . . 2 . 2 . . . 1 . . . . . . . 1 . 1 . . . . 1 . Hackware 53 | . . . 2 . . . . . . . . . . . 1 1 1 2 8 6 5 4 5 7 1 8 . 1 1 Protection 19 | . 1 . 4 . 2 . 1 . 2 2 1 . . 1 . . . 2 . 2 . 1 . . . . . . . Artifact 1 | . . . . . . . . . . . . . . . . . . . . . . . . . . . . . 1 Weapon 77 | 3 1 4 10 3 2 . 1 3 10 . 3 1 1 . 3 1 . 8 4 2 1 1 1 2 2 5 1 2 2 Energy Gun 15 | 1 . 1 6 1 . . . 2 . . 1 . . . 1 . . 2 . . . . . . . . . . . Energy Cannon 16 | . . . . . . . 1 . 6 . 1 . 1 . 1 . . . . 2 . . . 1 . 2 . . 1 Ballistic Gun 18 | 2 . 3 4 1 2 . . . 3 . 1 . . . . . . 1 1 . . . . . . . . . . Ballistic Cannon 4 | . . . . . . . . . . . . . . . . . . 3 1 . . . . . . . . . . Launcher 10 | . . . . 1 . . . 1 1 . . . . . 1 . . 1 . . . . . . . 2 1 1 1 Special Weapon 11 | . 1 . . . . . . . . . . . . . . 1 . 1 2 . . . 1 1 2 1 . 1 . Impact Weapon . | . . . . . . . . . . . . . . . . . . . . . . . . . . . . . . Slashing Weapon . | . . . . . . . . . . . . . . . . . . . . . . . . . . . . . . Piercing Weapon . | . . . . . . . . . . . . . . . . . . . . . . . . . . . . . . Special Melee Weapon 3 | . . . . . . . . . . . . 1 . . . . . . . . 1 1 . . . . . . . Unidentified Prototypes 35 | . . . 4 . . . 3 . 7 . 3 . 3 . 2 . . 1 . . . 2 3 . 2 3 . . 2 Parts Lost 53 | . . . 2 1 3 3 . 3 4 1 1 . . 1 1 . . 7 1 1 2 . 2 1 . 2 . . 17 Power 13 | . . . . . 1 . . 1 . . . . . . . . . 1 1 1 2 . . . . 2 . . 4 Propulsion 7 | . . . . . . 1 . 1 . . 1 . . . . . . . . . . . . . . . . . 4 Utility 17 | . . . 1 1 1 1 . . 2 1 . . . . . . . 3 . . . . 2 1 . . . . 4 Weapon 16 | . . . 1 . 1 1 . 1 2 . . . . 1 1 . . 3 . . . . . . . . . . 5 Highest Loss Streak 17 | . . . 1 1 1 1 . 2 2 1 1 . . 1 1 . . 2 1 1 1 . 1 1 . 2 . . 17 To Critical Strikes 2 | . . . . . . . . . . . 1 . . 1 . . . . . . . . . . . . . . . Average Backups 22 | 3 10 14 5 10 18 19 19 19 19 19 19 20 20 22 24 24 24 24 24 24 28 28 28 28 28 28 26 25 25 Power . | . 1 . . . 1 1 1 . 1 1 1 1 1 1 1 1 1 1 1 1 1 1 1 1 1 . 1 . . Propulsion 2 | 1 3 5 1 1 2 2 2 1 2 4 3 2 2 2 2 2 2 2 2 2 2 3 3 3 2 2 2 2 2 Utility 15 | . 2 4 2 4 6 4 6 13 11 10 11 13 13 15 18 16 15 18 18 18 20 19 21 22 23 21 17 17 18 Weapon 2 | 1 3 2 1 2 5 7 7 2 3 3 2 3 2 1 1 3 3 1 1 . 2 1 1 1 1 3 3 3 2 Tool/Special . | . . . . . . . . . . . . . . . . . . . . . . . . . . . . . . Unused Backups 88 | . 7 10 1 . 5 3 11 . 7 1 . . 1 2 3 . . 4 . 4 . 8 1 . 2 8 . 1 9 Power 10 | . 1 2 . . . . 1 . . . . . . 1 . . . . . 1 . 1 1 . 1 1 . . . Propulsion 8 | . 3 3 1 . 1 . . . . . . . . . . . . . . . . . . . . . . . . Utility 42 | . 1 3 . . 2 . 3 . 5 . . . . 1 2 . . 4 . 3 . 7 . . 1 1 . 1 8 Weapon 21 | . 2 2 . . 1 1 5 . 2 1 . . 1 . . . . . . . . . . . . 6 . . . Tool/Special 7 | . . . . . 1 2 2 . . . . . . . 1 . . . . . . . . . . . . . 1 Average Slot Usage (%) 86 | . 99 100 98 99 99 94 92 91 91 92 95 100 100 96 92 93 93 93 92 93 73 72 72 72 74 75 77 77 76 Engine 4 | . 14 14 5 7 7 7 7 6 5 6 6 6 6 5 . . . . 4 2 1 5 5 5 4 1 . . . Core 1 | . . . 3 . . . . . . . . . . . 4 5 5 6 5 4 . . . . . . . . . Reactor 4 | . . . . . . . . . . . . . . . 5 5 5 3 . 3 8 5 5 5 5 13 13 16 16 Treads 1 | . 27 19 . . . . . . . . . . . . . . . . . . . . . . . . . . . Wheel 16 | . . 8 26 23 23 17 15 14 13 13 16 20 20 20 17 17 17 17 17 17 15 15 15 15 18 16 18 16 16 Device 11 | . 12 13 7 14 10 14 13 7 11 16 20 20 13 16 16 14 11 14 9 8 6 7 8 6 9 15 13 7 7 Storage 6 | . 14 14 9 7 7 7 7 7 6 6 6 6 6 6 5 5 5 5 5 5 5 5 6 6 4 4 4 4 4 Processor 7 | . . . . 6 7 7 8 15 15 16 13 13 19 13 11 11 11 5 5 5 5 5 5 5 4 4 4 5 4 Hackware 7 | . . . 6 . . . . . . . . . . . . 2 6 6 12 12 17 14 15 16 17 9 13 15 16 Protection 3 | . 1 . 3 7 10 7 7 6 10 5 6 6 6 6 5 5 3 5 4 5 1 2 . . . . . . . Energy Gun 3 | . . 6 6 13 10 13 15 22 10 . . . . . . . . 1 . . . . . . . . . . . Energy Cannon 7 | . . . . . . . 6 3 7 25 25 25 26 25 22 20 18 10 . . 1 3 . 3 3 2 . . . Ballistic Gun 4 | . 27 17 28 15 19 15 7 4 8 . . . . . . . . 1 1 . . . . . . . . . . Ballistic Cannon 1 | . . . . . . . . . . . . . . . . . . 2 13 16 . . . . . . . . . Special Weapon 1 | . . 4 . . . . . . . . . . . . . 2 3 4 4 4 4 . 4 1 . 1 . 3 2 Special Melee Weapon 1 | . . . . . . . . . . . . . . . . . . . . . 4 5 5 5 4 4 4 4 3 Peak Build Rating 223 | 7 9 39 54 59 53 59 70 72 113 113 122 122 122 126 134 132 132 132 127 133 174 172 169 173 192 217 204 223 212 Average Rating 125 | 5 7 17 51 49 48 55 60 70 86 112 115 121 111 120 131 128 126 120 115 123 165 164 163 165 183 205 203 205 200 On Entrance 111 | . 7 9 39 52 48 53 58 70 72 113 112 122 122 109 125 131 125 128 120 119 132 159 169 166 169 191 204 203 206 Avg Prop Armor Cover (%) . | . . . . . . . . . . . . . . . . . . . . . . . . . . . . . . Naked Turns . | . . . . . . . . . . . . . . . . . . . . . . . . . . . . . . Heaviest Build 334 | 15 32 112 107 107 115 115 118 118 148 160 161 160 160 210 226 226 224 220 211 230 256 263 257 258 277 314 302 334 319 Greatest Support 72 | 40 40 40 36 40 36 40 40 40 48 48 60 60 60 60 60 60 60 60 60 60 60 60 56 56 72 72 72 72 72 Greatest Overweight (x) 48 | . . 4 3 2 3 4 2 2 3 3 3 2 2 3 3 3 3 3 3 3 4 4 6 4 3 4 4 4 48 Average Overweight (x) 2 | . . 1 2 2 2 2 2 2 2 2 2 2 2 2 3 3 3 2 3 3 3 3 4 4 3 3 4 4 4 Largest Inventory Capacity 30 | 8 15 25 25 25 25 25 25 25 25 25 25 25 25 30 30 30 30 30 30 30 30 30 30 30 30 30 30 30 30 Average Capacity 27 | 7 13 18 25 25 25 25 25 25 25 25 25 25 25 27 30 30 30 30 30 30 30 30 30 30 30 30 30 30 30 Most Carried 30 | 6 15 25 25 25 25 25 25 25 25 25 25 25 25 30 30 30 30 30 30 30 30 30 30 30 30 30 30 30 30 Average Carried 26 | 3 10 17 24 21 24 24 24 24 24 24 24 25 24 27 29 29 29 29 29 29 29 29 29 29 29 29 30 29 29 Final Capacity 30 | 8 15 25 25 25 25 25 25 25 25 25 25 25 25 30 30 30 30 30 30 30 30 30 30 30 30 30 30 30 30 Final Carried 30 | 6 15 25 25 25 25 25 25 24 25 25 25 25 25 30 29 29 30 30 29 30 30 30 30 30 30 30 30 30 25 Class Distribution -------------------- 32% | Botlord-Mutant 16% | Gunner 11% | Commander-Gunner 10% | Bothacker-Tank 6% | Bothacker-Mutant 6% | Mutant 4% | Bothacker-Gunner 3% | Scavenger-Gunner Dominant Class ---------------- Mutant | -10/Materials Mutant | -10/Subcaves Scavenger-Gunner | -8/Materials Gunner | -7/Factory Scavenger-Tank | -7/Lower Caves Gunner | -7/Lower Caves Gunner | -7/Zion Gunner | -6/Proximity Caves Gunner | -6/Factory Commander-Gunner | -6/Extension Commander-Gunner | -6/Cetus Commander-Gunner | -6/Archives Commander-Gunner | -6/Hub_04(d) Hauler-Gunner | -6/Garrison Bothacker-Gunner | -5/Factory Bothacker-Gunner | -5/Waste Bothacker-Gunner | -5/Factory Bothacker-Tank | -5/Garrison Bothacker-Tank | -5/Factory Bothacker-Tank | -5/Garrison Bothacker-Mutant | -4/Factory Bothacker-Mutant | -4/Garrison Botlord-Mutant | -4/Factory Botlord-Mutant | -4/Garrison Botlord-Mutant | -3/Research Botlord-Mutant | -3/Armory Botlord-Mutant | -3/Lab Botlord-Mutant | -2/Research Botlord-Mutant | -2/Quarantine Resources | -11 -10 -10 -8 -7 -7 -7 -7 -6 -6 -6 -6 -6 -6 -6 -5 -5 -5 -5 -5 -5 -4 -4 -4 -4 -3 -3 -3 -2 -2 ----------- Run | Yrd Mat Sub Mat Fac Low Low Zio Pro Fac Ext Cet Arc Hub Gar Fac Was Fac Gar Fac Gar Fac Gar Fac Gar Res Arm Lab Res Qua Matter Collected 31913 | 274 139 193 1289 403 218 199 80 170 846 400 196 40 150 314 118 89 157 840 1094 1532 2956 2230 5012 4085 457 5479 . 1559 1394 Remotely 15356 | . . . . . . . . . . . . . . . . . . . . 658 1805 872 3644 3331 58 3373 . 1131 484 Salvage Created 15956 | 62 139 . 1518 523 362 306 . 340 1168 1920 143 . 203 2419 602 536 114 1593 488 241 179 38 571 667 101 524 . 866 333 Parts 710 | 9 9 . 100 27 13 22 . 9 57 91 9 . 10 99 22 8 8 59 26 12 4 . 21 28 8 20 . 24 15 Haulers Intercepted 8 | . 1 . 2 1 . . . . 2 . . . 1 . 1 . . . . . . . . . . . . . . Recyclers Shooed 4 | . . . . 1 . . . . . . . . . . . . . . . . 1 . 2 . . . . . . Parts Field Recycled . | . . . . . . . . . . . . . . . . . . . . . . . . . . . . . . Retrieved Matter . | . . . . . . . . . . . . . . . . . . . . . . . . . . . . . . Parts Self-Destructed 53 | . . 14 . . 12 18 . 9 . . . . . . . . . . . . . . . . . . . . . Prevented . | . . . . . . . . . . . . . . . . . . . . . . . . . . . . . . Parts Restored . | . . . . . . . . . . . . . . . . . . . . . . . . . . . . . . Kills | -11 -10 -10 -8 -7 -7 -7 -7 -6 -6 -6 -6 -6 -6 -6 -5 -5 -5 -5 -5 -5 -4 -4 -4 -4 -3 -3 -3 -2 -2 ------- Run | Yrd Mat Sub Mat Fac Low Low Zio Pro Fac Ext Cet Arc Hub Gar Fac Was Fac Gar Fac Gar Fac Gar Fac Gar Res Arm Lab Res Qua Combat Hostiles Destroyed 297 | . 2 . 30 10 12 15 . 11 19 29 2 . 3 38 9 2 2 31 13 17 4 1 12 . 4 7 . 15 9 Guns 78 | . 2 . 29 7 12 6 . 11 10 . . . . . . . . 1 . . . . . . . . . . . Cannons 106 | . . . . . . . . . 4 22 2 . 3 31 8 . 2 21 7 3 . 1 . . 1 1 . . . AOE 93 | . . . 1 3 . 9 . . 3 3 . . . 6 . . . 6 6 13 4 . 12 . 3 4 . 11 9 Classes Destroyed 24 | 2 2 . 7 2 2 . . 3 2 1 . . . 1 . 1 . . . . . . . . . . . . 1 Worker 9 | 1 . . 1 . . . . . . 1 . . . . . . . . 1 . 1 . 1 . . . . 2 1 Builder 9 | . . . 1 . . . . . . 1 . . . . . . . . 2 . . . . . . . . 2 3 Tunneler 2 | 2 . . . . . . . . . . . . . . . . . . . . . . . . . . . . . Hauler 8 | . 1 . 2 1 . . . . 2 . . . 1 . 1 . . . . . . . . . . . . . . Recycler 4 | . . . . 1 . . . . . . . . . . . . . . . . . . 2 . . . . 1 . Mechanic 2 | . . . . . . . . . . 1 . . . . . . . . . . . . 1 . . . . . . Operator 5 | . . . 1 . . . . . . 1 . . . . . . . . . . . . . . . . . 2 1 Drone 2 | . . . . . . . . 2 . . . . . . . . . . . . . . . . . . . . . Watcher 4 | . . . 1 . . . . . . . . . . . . . . . . . . . . . . 1 . 1 1 Swarmer 79 | . . . 7 3 7 11 . 7 3 3 . . 2 4 . . . 7 . 7 . . 2 . 3 . . 8 5 Cutter 5 | . . . . . . . . . . . . . . 3 . . . . . 2 . . . . . . . . . Grunt 93 | . 2 . 14 2 3 2 . . 7 13 . . . 15 4 . 1 12 5 . 3 . 4 . . . . 6 . Brawler 10 | . . . 1 . . . . . . 1 . . . 4 . . . 3 1 . . . . . . . . . . Duelist 10 | . . . . . 1 1 . . 2 1 . . . 3 . . . 1 . . . . . . . 1 . . . Protector 2 | . . . . . . . . . 1 . . . . . . . . . . . . . 1 . . . . . . Researcher 1 | . . . . . . . . . . . . . . . . . . . . . . . . . . . . . 1 Sentry 31 | . . . 7 2 . . . 1 1 9 . . . 2 1 . . 4 1 3 . . . . . . . . . Specialist 3 | . . . . . . . . . 1 . . . . 1 . . . . . . . . 1 . . . . . . Hunter 27 | . . . 1 . . . . . 2 . . . 1 5 . . 1 4 . 2 . . 4 . 1 2 . . 4 Programmer 25 | . . . . 3 . 1 . . 2 . . . . 1 4 . . . 6 2 1 . 1 . . 2 . 1 1 Behemoth 6 | . . . . . . . . 1 . 2 . . . . . . . . . 1 . 1 . . . 1 . . . Compactor 2 | . . . . . . . . . . . . . . . . 2 . . . . . . . . . . . . . Armor Guard 1 | . . . . . . . . . . . . . . . . . . . . . . . . . . 1 . . . Cetus Guard 2 | . . . . . . . . . . . 2 . . . . . . . . . . . . . . . . . . Samaritan 2 | . . . . . . . . 2 . . . . . . . . . . . . . . . . . . . . . Mutant 1 | . . . . . 1 . . . . . . . . . . . . . . . . . . . . . . . . Best Kill Streak 9 | 1 2 . 5 3 4 4 . 4 3 6 1 . 1 6 5 2 1 4 6 6 5 1 8 . 3 2 . 6 9 Combat Bots Only 6 | . 2 . 5 3 4 4 . 4 3 5 1 . 1 6 2 2 1 4 5 6 4 1 6 . 3 2 . 6 4 Max Kills in Single Turn 4 | 1 1 . 2 2 2 2 . 2 2 2 1 . 1 3 1 1 1 2 4 3 3 1 3 . 3 2 . 4 4 Gunslinging 1 | . . . 1 . 1 . . . 1 . . . . . . . . . . . . . . . . . . . . Exploded 4 | . . . 1 2 . 2 . . 2 1 . . . 3 . . . 2 4 3 3 . 3 . 3 2 . 4 3 Melee . | . . . . . . . . . . . . . . . . . . . . . . . . . . . . . . Uniques/NPCs Destroyed . | . . . . . . . . . . . . . . . . . . . . . . . . . . . . . . Combat | -11 -10 -10 -8 -7 -7 -7 -7 -6 -6 -6 -6 -6 -6 -6 -5 -5 -5 -5 -5 -5 -4 -4 -4 -4 -3 -3 -3 -2 -2 -------- Run | Yrd Mat Sub Mat Fac Low Low Zio Pro Fac Ext Cet Arc Hub Gar Fac Was Fac Gar Fac Gar Fac Gar Fac Gar Res Arm Lab Res Qua Hostile Shots Fired 1687 | . 19 2 82 76 42 30 . 106 123 67 16 . . 91 21 . 12 143 50 31 131 20 150 22 13 152 . 28 260 Missed 554 | . 4 2 10 30 10 8 . 38 55 28 4 . . 38 3 . 4 34 13 12 46 1 71 6 4 53 . 13 67 Intercepted 4 | . . . . . . . . . . . . . . . . . . . . . . . . . . 2 . . 2 Hits 1133 | . 15 . 72 46 32 22 . 68 68 39 12 . . 53 18 . 8 109 37 19 85 19 79 16 9 99 . 15 193 Melee 14 | . . . . . 4 1 . . . 1 . . . 2 . . . 1 . . . . . . . 1 . . 4 Projectile 1119 | . 15 . 72 46 28 21 . 68 68 38 12 . . 51 18 . 8 108 37 19 85 19 79 16 9 98 . 15 189 AOE 13 | . . 1 . . . . . . . . . . . 1 . . . . . 2 . . 1 . . 3 . . 5 Critical Strikes 64 | . . . 5 1 1 . . . 4 3 5 . . 2 . . 1 4 2 1 5 . 4 4 . 5 . . 17 Actively Blocked 3 | . . . 1 . . . . . 2 . . . . . . . . . . . . . . . . . . . . Part Disruptions 4 | . . . . . 1 . . . 2 . . . . . . . . . . . . . . . . 1 . . . Actively Blocked 1 | . . . . . 1 . . . . . . . . . . . . . . . . . . . . . . . . Damage Taken 19310 | . 215 6 1080 427 561 351 . 752 945 775 227 34 . 805 378 15 111 1927 882 477 1308 378 965 297 224 1807 . 244 4119 Core 3493 | . 15 . 79 62 81 15 . 142 109 52 16 . . 33 73 . 56 184 101 74 130 20 240 68 115 432 . 103 1293 Absorbed by Shields 3395 | . . . . . . . . . . 31 61 . . . . . . 110 . . 192 91 484 153 118 1213 . 179 763 Redirected to Core 130 | . . . . . . . . . . . . . . . . . . . . . . . . . . . . . 130 Redirected to Shielding 284 | . . . 77 48 65 19 . . 75 . . . . . . . . . . . . . . . . . . . . Ignored by Resistances 234 | . . . . . . . . . . 15 131 16 . 72 . . . . . . . . . . . . . . . Regen/Repaired (Parts) 2703 | . 53 . 160 . . . . . . . . . . . . . . . 297 291 457 147 305 165 47 418 8 296 59 Core Remaining (%) 72 | 100 . 94 85 . . . . 57 . . . . . 75 . . . . . 51 . . . 60 . . 57 . . Volleys Fired 1096 | 3 20 13 68 20 18 14 1 21 38 46 10 1 20 114 21 6 9 109 59 62 46 44 44 93 11 102 2 35 46 Largest 4 | 2 2 1 4 4 4 4 1 4 4 4 4 3 3 4 4 4 4 4 3 3 1 1 1 1 1 1 1 1 1 Hottest 420 | 40 100 100 157 184 184 197 80 320 420 420 420 315 315 420 390 390 390 285 165 295 120 120 120 120 120 120 49 120 300 Shots Fired 2058 | 6 38 13 267 60 66 34 1 81 125 146 29 3 34 255 56 18 16 214 80 90 46 44 44 97 11 101 2 35 46 Gun 639 | 6 36 4 267 55 66 28 . 70 85 . 1 . . . . . . 21 . . . . . . . . . . . Cannon 1085 | . . . . . . . 1 10 32 143 28 3 34 246 56 17 13 174 43 68 17 39 6 75 7 60 . 3 10 Launcher 114 | . . . . 5 . 6 . 1 8 3 . . . 9 . . . 9 2 8 2 . 10 . 1 5 1 20 24 Special 220 | . 2 9 . . . . . . . . . . . . . 1 3 10 35 14 27 5 28 22 3 36 1 12 12 Kinetic 577 | 6 36 . 228 27 44 16 . 9 61 . . . . . . . . 43 43 64 . . . . . . . . . Thermal 1148 | . 2 13 29 28 22 12 1 71 56 143 29 3 34 246 56 17 13 152 . 4 17 39 6 75 7 60 . 3 10 Explosive 73 | . . . . 5 . 6 . 1 . . . . . . . . . . 2 8 2 . 10 . 1 5 . 12 21 Electromagnetic 51 | . . . 10 . . . . . 8 3 . . . 9 . . . 9 . . . . . . . . 1 8 3 Robot Hit Streak 43 | 5 8 . 12 6 19 9 . 39 28 43 11 6 9 18 19 19 8 16 8 13 16 10 12 23 4 11 1 7 10 Robot Miss Streak 9 | . 3 . 4 3 9 3 . 4 4 2 1 . 3 5 2 . 2 4 3 3 3 1 1 2 1 5 . 2 3 Penetration Max 1 | . . . 1 . . . . . 1 . . . . . . . . 1 . . . . . . . . . . . Secondary Targets 11 | . 1 . 4 . 3 1 . . 2 . . . . . . . . . . . . . . . . . . . . Max Gunslinging Chain 1 | . 1 . 1 . 1 1 . . 1 . . . . . . . . . . . . . . . . . . . . Shots Hit Robots 1279 | 5 25 . 168 39 48 24 . 55 84 107 23 4 13 155 37 18 10 123 49 51 31 21 34 54 4 50 1 18 28 Core Hits 646 | 3 8 . 66 31 34 30 . 35 51 55 9 1 6 71 13 2 3 51 17 31 10 2 28 17 4 12 . 27 29 Critical Kills 19 | . . . 1 . . . . . 4 3 . . . 3 1 2 . 2 . . . . . 1 . 1 . . 1 Critical Parts Destroyed 4 | . . . 1 . . . . . 1 . . . . . . . . . . . . . . . . . . . 2 Critical Strikes 33 | . . . 4 . 2 1 . . 6 3 . . . 3 1 2 . 2 1 2 . . . 1 . 1 . . 4 Burn 6 | . . . 2 . 2 1 . . 1 . . . . . . . . . . . . . . . . . . . . Meltdown 15 | . . . . . . . . . 2 3 . . . 3 1 2 . 2 . . . . . 1 . 1 . . . Destroy 9 | . . . 2 . . . . . 3 . . . . . . . . . . . . . . . . . . . 4 Blast 3 | . . . . . . . . . . . . . . . . . . . 1 2 . . . . . . . . . Melee Attacks 9 | . . . . . . . . . . . . 1 . . . . . . . . . 8 . . . . . . . Impact . | . . . . . . . . . . . . . . . . . . . . . . . . . . . . . . Slashing . | . . . . . . . . . . . . . . . . . . . . . . . . . . . . . . Piercing . | . . . . . . . . . . . . . . . . . . . . . . . . . . . . . . Sneak Attacks 7 | . . . . . . . . . . . . 1 . . . . . . . . . 6 . . . . . . . Combat Hostiles . | . . . . . . . . . . . . . . . . . . . . . . . . . . . . . . Follow-up Attacks . | . . . . . . . . . . . . . . . . . . . . . . . . . . . . . . Damage Inflicted 49527 | 59 324 . 2942 918 895 1142 . 1571 2745 4303 933 107 583 6325 1497 617 254 4256 1941 3568 1071 397 2995 1584 348 1283 . 3381 3488 Guns 8262 | 59 324 . 2900 734 895 387 . 1433 1243 . . . . . . . . 287 . . . . . . . . . . . Cannons 24206 | . . . . . . . . 138 723 4051 933 107 583 5555 1497 617 254 3483 837 1319 134 397 251 1584 43 814 . 108 778 Explosions 17050 | . . . 33 184 . 755 . . 779 252 . . . 770 . . . 486 1104 2249 937 . 2744 . 305 469 . 3273 2710 Melee . | . . . . . . . . . . . . . . . . . . . . . . . . . . . . . . Ramming 9 | . . . 9 . . . . . . . . . . . . . . . . . . . . . . . . . . Kinetic 7298 | 59 324 . 2508 259 590 141 . . 766 . . . . . . . . 579 837 1235 . . . . . . . . . Thermal 25780 | . . . 304 475 305 246 . 1571 1373 4134 933 107 583 5928 1497 617 254 3260 . 84 134 397 251 1584 43 814 . 108 778 Explosive 14056 | . . . . 184 . 755 . . 191 . . . . . . . . . 1104 2249 937 . 2744 . 305 469 . 2475 2643 Electromagnetic 2384 | . . . 121 . . . . . 415 169 . . . 397 . . . 417 . . . . . . . . . 798 67 Impact . | . . . . . . . . . . . . . . . . . . . . . . . . . . . . . . Slashing . | . . . . . . . . . . . . . . . . . . . . . . . . . . . . . . Piercing . | . . . . . . . . . . . . . . . . . . . . . . . . . . . . . . Highest Corruption 14 | . . . . . . . . . 1 1 1 1 . . 1 14 14 . 4 4 2 3 6 8 6 10 4 . 1 Average Corruption 4 | . . . . . . . . . 1 1 1 1 . . 1 7 12 . 3 4 1 2 2 6 3 6 4 . 1 Corruption Purged 25 | . . . . . . . . . . . . 1 . . 1 . 14 . . . . . 3 . . 6 . . . Corruption Blocked . | . . . . . . . . . . . . . . . . . . . . . . . . . . . . . . Effects 350 | . . . . . . . . . 4 17 4 . . . 4 6 22 . 22 27 5 23 33 73 15 92 2 . 1 Message Errors 105 | . . . . . . . . . 1 5 2 . . . . 2 5 . 7 10 1 10 8 17 4 32 . . 1 Matter Fused 86 | . . . . . . . . . 1 4 2 . . . 3 1 6 . 4 6 1 4 12 15 4 23 . . . Heat Flow Errors 39 | . . . . . . . . . . 2 . . . . . . 3 . 3 4 1 2 4 12 . 7 1 . . Energy Discharges 42 | . . . . . . . . . 1 2 . . . . . 1 2 . 2 2 2 2 6 7 2 12 1 . . Parts Rejected 6 | . . . . . . . . . . 1 . . . . . 1 . . 1 . . 1 . . . 2 . . . Parts Fused 1 | . . . . . . . . . . . . . . . . . 1 . . . . . . . . . . . . Data Loss (minor) 38 | . . . . . . . . . . 2 . . . . 1 . 3 . 4 1 . 4 2 9 3 9 . . . Data Loss (major) 12 | . . . . . . . . . . . . . . . . 1 . . . 1 . . 1 5 1 3 . . . Misfires 8 | . . . . . . . . . . 1 . . . . . . . . . 1 . . . 5 . 1 . . . Alerts 6 | . . . . . . . . . 1 . . . . . . . . . . 1 . . . 2 1 1 . . . Weapon Failures 7 | . . . . . . . . . . . . . . . . . 2 . 1 1 . . . 1 . 2 . . . Overload Shots 1 | . . . . . . . . . . . 1 . . . . . . . . . . . . . . . . . . Overflow Damage 1342 | . . . . . . . . . 55 39 . . 12 134 14 . . 35 199 73 29 41 63 . 8 27 . 257 356 Projectiles 761 | . . . . . . . . . 22 39 . . 12 134 14 . . 35 159 . 29 41 11 . . . . . 265 Explosions 581 | . . . . . . . . . 33 . . . . . . . . . 40 73 . . 52 . 8 27 . 257 91 Melee . | . . . . . . . . . . . . . . . . . . . . . . . . . . . . . . Knockbacks 16 | . . . . . . . . . . . . . . . . . . 8 6 2 . . . . . . . . . Impact . | . . . . . . . . . . . . . . . . . . . . . . . . . . . . . . Kinetic 15 | . . . . . . . . . . . . . . . . . . 8 5 2 . . . . . . . . . Secondary 1 | . . . . . . . . . . . . . . . . . . . 1 . . . . . . . . . . Self-Inflicted Damage 486 | . . . 43 . . . . . . 17 . . . . . . . 20 . . . . . . . 86 . . 320 Shots 9 | . . . 1 . . . . . . 1 . . . . . . . 2 . . . . . . . 1 . . 4 Rammed 1 | . . . 1 . . . . . . . . . . . . . . . . . . . . . . . . . . Targets Rammed 1 | . . . 1 . . . . . . . . . . . . . . . . . . . . . . . . . . Kicked . | . . . . . . . . . . . . . . . . . . . . . . . . . . . . . . Crushed . | . . . . . . . . . . . . . . . . . . . . . . . . . . . . . . Highest Temperature 394 | . 40 . 371 120 159 108 . 394 199 190 339 78 78 204 183 227 153 302 252 378 296 362 237 326 60 336 252 330 209 Average Temperature 95 | . 11 . 81 34 34 54 . 130 71 103 109 52 52 112 91 112 55 110 91 91 91 83 71 95 35 100 117 119 64 Received Heat Transfer 3652 | . 120 . 477 93 134 18 . 18 138 220 . . . 120 90 . 57 296 210 57 67 33 40 21 4 160 . 34 1245 Effects 12 | . . . 1 . . . . 2 . . 2 . . . . . . . . 1 . . . . . 5 . 1 . Shutdowns 4 | . . . 1 . . . . . . . . . . . . . . . . 1 . . . . . 2 . . . Energy Bleed 3 | . . . . . . . . 2 . . . . . . . . . . . . . . . . . . . 1 . Interference 3 | . . . . . . . . . . . . . . . . . . . . . . . . . . 3 . . . Matter Decay 1 | . . . . . . . . . . . 1 . . . . . . . . . . . . . . . . . . Short Circuit 1 | . . . . . . . . . . . 1 . . . . . . . . . . . . . . . . . . Siege Activations . | . . . . . . . . . . . . . . . . . . . . . . . . . . . . . . Martial Activations . | . . . . . . . . . . . . . . . . . . . . . . . . . . . . . . Shielding Activations . | . . . . . . . . . . . . . . . . . . . . . . . . . . . . . . Robots Disrupted . | . . . . . . . . . . . . . . . . . . . . . . . . . . . . . . Combat Hostiles . | . . . . . . . . . . . . . . . . . . . . . . . . . . . . . . Robots Corrupted 6 | . . . . . . . . . 1 . . . . . . . . . . . . . . . . . . 5 . Combat Hostiles 4 | . . . . . . . . . . . . . . . . . . . . . . . . . . . . 4 . Parts Fried 23 | . . . . . . . . . 6 2 1 . . 1 . . . 1 . . . . . . . . . 12 . Impact Corruptions . | . . . . . . . . . . . . . . . . . . . . . . . . . . . . . . Robots Melted 20 | . . . . . . . . . 3 4 . . . 3 1 2 . 3 . 1 . . . 1 . 2 . . . Combat Hostiles 16 | . . . . . . . . . 2 4 . . . 1 1 2 . 3 . 1 . . . . . 2 . . . Parts Melted 72 | . . . 1 3 3 2 . 8 8 10 . . . 18 3 3 1 5 . . . . . 2 . 5 . . . Heat Transferred 27360 | . . . 803 1008 829 595 . 3373 2150 4226 962 111 592 5400 1221 481 185 2468 . 74 111 333 222 1387 37 607 . 111 74 Parts Sabotaged 1 | . . . . . . . . . . . . . . . . . . . . . . . . . . 1 . . . Parts Stolen . | . . . . . . . . . . . . . . . . . . . . . . . . . . . . . . Parts Stripped . | . . . . . . . . . . . . . . . . . . . . . . . . . . . . . . Power Chain Reactions 13 | . . . 1 . . . . . 3 2 . . . 5 . . . 2 . . . . . . . . . . . Alert | -11 -10 -10 -8 -7 -7 -7 -7 -6 -6 -6 -6 -6 -6 -6 -5 -5 -5 -5 -5 -5 -4 -4 -4 -4 -3 -3 -3 -2 -2 ------- Run | Yrd Mat Sub Mat Fac Low Low Zio Pro Fac Ext Cet Arc Hub Gar Fac Was Fac Gar Fac Gar Fac Gar Fac Gar Res Arm Lab Res Qua Maximum Alert Level 5 | . . . 2 1 . . . . 1 3 2 1 3 5 3 1 . 4 3 4 2 4 4 3 2 2 . 2 1 Low Security (%) 34 | 100 100 . 59 88 . . . . 98 43 . 61 21 . . . 100 9 . . 17 6 11 . 5 90 . 54 2 Level 1 22 | . . . 35 11 . . . . 1 35 . 38 62 16 . 100 . 14 . . 16 4 28 29 74 6 . 16 97 Level 2 21 | . . . 5 . . . . . . 9 100 . 13 15 . . . 32 82 5 65 15 27 58 20 3 . 28 . Level 3 11 | . . . . . . . . . . 10 . . 3 23 100 . . 19 17 27 . 50 8 11 . . . . . Level 4 9 | . . . . . . . . . . . . . . 38 . . . 24 . 67 . 22 23 . . . . . . Level 5 . | . . . . . . . . . . . . . . 5 . . . . . . . . . . . . . . . High Security . | . . . . . . . . . . . . . . . . . . . . . . . . . . . . . . Max Security . | . . . . . . . . . . . . . . . . . . . . . . . . . . . . . . Peak Influence 1627 | 5 50 . 542 241 . . . . 259 970 644 335 732 1627 868 278 147 1250 840 1408 689 1203 1291 954 600 507 . 684 399 Initial 854 | . 3 . . 241 . . . . 150 126 532 212 . 190 854 278 145 . 655 527 687 111 631 231 536 48 . . 342 Average 441 | . 6 . 145 150 . . . . 81 317 580 155 284 968 792 243 37 700 591 1107 444 844 611 520 317 88 . 286 303 Influence Increases 20468 | 15 61 . 977 302 250 350 . 235 777 1736 358 203 1240 1487 320 . 82 1500 687 1213 833 1172 2352 833 439 1384 . 1129 533 Destroy 0b10 Robot/C 9250 | . 40 . 600 200 220 300 . 180 360 860 160 80 440 780 180 . 60 840 400 500 480 460 860 65 135 510 . 405 135 Destroy 0b10 Robot/NC 406 | 15 5 . 30 10 . . . 10 15 30 10 5 45 20 5 . . . 30 . 5 . 95 24 . 12 . 36 4 Destroy Leader 1304 | . 12 . 146 62 30 50 . 30 54 64 . . 132 40 42 . 10 30 82 20 60 40 166 10 32 108 . 68 16 Allied During Kill 3782 | . . . . . . . . . . 636 170 85 553 22 7 . 2 64 115 126 172 258 624 55 144 342 . 341 66 Successful Hack 111 | . 2 . 31 14 . . . . 22 . . . . . . . . . . . 6 . . . . 36 . . . Select Force Hacks 30 | . . . . . . . . . 30 . . . . . . . . . . . . . . . . . . . . Disable Machine 987 | . . . 75 . . . . . 75 30 15 30 30 90 30 . . 45 . 45 15 30 165 36 60 120 . . 96 Anti-Garrison Action 1764 | . . . . . . . . . . . . . . 350 . . . 350 . 400 . 200 . 464 . . . . . Destroy Structure 2150 | . 2 . 5 16 . . . . 26 56 3 3 40 110 56 . 10 111 60 122 80 139 442 110 68 208 . 267 216 Advance Influence 150 | . . . . . . . . . 150 . . . . . . . . . . . . . . . . . . . . Partial Spotted 54 | . . . . . . . . . . . . . . . . . . 15 . . . 15 . 24 . . . . . Lose Combat Pursuer 480 | . . . 90 . . . . 15 45 60 . . . 75 . . . 45 . . 15 30 . 45 . 48 . 12 . Influence Decreases 20321 | 10 55 11 446 668 383 360 22 235 518 1045 778 733 968 132 1151 588 290 250 1183 657 1984 128 3224 210 1300 972 505 519 996 Entered New Map 6095 | . 2 6 . 290 62 7 22 . . 133 418 318 . 82 773 518 63 . 595 227 623 48 572 100 418 45 505 . 268 Time Decay 7779 | 10 53 5 426 368 298 323 . 225 478 612 270 355 378 . 368 70 165 . 458 . 506 . 652 . 482 490 . 389 398 Lost Part 503 | . . . 20 10 23 30 . 10 40 10 10 . . 10 10 . . 70 10 10 20 . 20 10 . 20 . . 170 Lost Ally 2669 | . . . . . . . . . . 140 80 60 140 40 . . 62 180 120 120 260 80 330 100 250 417 . 130 160 Purge Threat 3275 | . . . . . . . . . . 150 . . 450 . . . . . . 300 575 . 1650 . 150 . . . . Squads Dispatched 95 | . 1 . 2 8 . . . . 5 2 . . 9 . 6 . 1 . 6 . 11 . 13 . 6 12 . 6 7 Investigation 6 | . . . . . . . . . 2 . . . 1 . 1 . . . . . . . . . 2 . . . . Extermination 28 | . . . . 2 . . . . 2 . . . 1 . 2 . . . 1 . 3 . 4 . 1 7 . 3 2 Reinforcement 37 | . 1 . 2 3 . . . . . 1 . . 4 . 1 . 1 . 3 . 6 . 7 . 2 3 . 1 2 Assault 13 | . . . . 2 . . . . . 1 . . . . 2 . . . 2 . 2 . 1 . . 2 . 1 . Garrison 11 | . . . . 1 . . . . 1 . . . 3 . . . . . . . . . 1 . 1 . . 1 3 Intercept . | . . . . . . . . . . . . . . . . . . . . . . . . . . . . . . Searches Triggered . | . . . . . . . . . . . . . . . . . . . . . . . . . . . . . . Unchained Authorized 3 | . . . . . . . . . . . . . . . . . . . . . . . . . . 1 . 1 1 Construction Impeded 4 | . . . . . . . . . . 1 . . . . . . . . 1 . . . . . . . . 1 1 Haulers Reinforced 6 | . . . . . . . . . . . . . 1 . 1 . . . . . 3 . 1 . . . . . . Active Scanning Responses . | . . . . . . . . . . . . . . . . . . . . . . . . . . . . . . Cargo Convoy Interrupts 2 | . . . . . . . . . 1 . . . . . . . . . . . . . 1 . . . . . . Alert ID Control Effect 173 | . . . . . . . . . . . . . . . . . . . 3 8 21 11 28 39 21 36 . 3 3 Stealth | -11 -10 -10 -8 -7 -7 -7 -7 -6 -6 -6 -6 -6 -6 -6 -5 -5 -5 -5 -5 -5 -4 -4 -4 -4 -3 -3 -3 -2 -2 --------- Run | Yrd Mat Sub Mat Fac Low Low Zio Pro Fac Ext Cet Arc Hub Gar Fac Was Fac Gar Fac Gar Fac Gar Fac Gar Res Arm Lab Res Qua Distress Signals 35 | . 1 . 3 2 . . . . 1 1 2 . 5 . 1 . . . 2 . 2 . 6 . 3 3 . 2 1 Communications Jammed 484 | . . . . . . . . . . . . . . . . . . . 76 . 285 . 98 . 8 . . 17 . Distress Signals 476 | . . . . . . . . . . . . . . . . . . . 76 . 279 . 96 . 8 . . 17 . Times Spotted 804 | . 6 1 54 14 13 15 . 12 26 46 10 4 23 37 15 5 6 48 37 37 52 27 62 43 33 100 . 33 45 Peak Tracking Total 15 | . 3 2 5 3 4 4 . 4 8 10 5 1 3 6 3 2 3 5 9 6 9 3 12 6 7 6 . 6 15 Tactical Retreats 29 | . . . 6 . . . . 1 3 4 . . . 4 . . . 3 . . 1 1 . 1 . 3 . 2 . Traps | -11 -10 -10 -8 -7 -7 -7 -7 -6 -6 -6 -6 -6 -6 -6 -5 -5 -5 -5 -5 -5 -4 -4 -4 -4 -3 -3 -3 -2 -2 ------- Run | Yrd Mat Sub Mat Fac Low Low Zio Pro Fac Ext Cet Arc Hub Gar Fac Was Fac Gar Fac Gar Fac Gar Fac Gar Res Arm Lab Res Qua Traps Triggered 56 | . 1 . . 1 . . . . 4 1 . . . 8 2 . . 11 1 6 . 7 1 3 2 5 . 1 2 Indirectly 1 | . . . . . . . . . 1 . . . . . . . . . . . . . . . . . . . . Trap Hack Attempts . | . . . . . . . . . . . . . . . . . . . . . . . . . . . . . . Triggered . | . . . . . . . . . . . . . . . . . . . . . . . . . . . . . . Disarmed 3 | . . . . . . . . . . . . . . . . . . . . . . . . . . 3 . . . Reprogrammed . | . . . . . . . . . . . . . . . . . . . . . . . . . . . . . . Reused . | . . . . . . . . . . . . . . . . . . . . . . . . . . . . . . Traps Extracted . | . . . . . . . . . . . . . . . . . . . . . . . . . . . . . . Installed . | . . . . . . . . . . . . . . . . . . . . . . . . . . . . . . Triggered . | . . . . . . . . . . . . . . . . . . . . . . . . . . . . . . Most Traps Carried 1 | . . 1 . . . . . . . . . . . . . . . . . . . . . . . . . . . Machines | -11 -10 -10 -8 -7 -7 -7 -7 -6 -6 -6 -6 -6 -6 -6 -5 -5 -5 -5 -5 -5 -4 -4 -4 -4 -3 -3 -3 -2 -2 ---------- Run | Yrd Mat Sub Mat Fac Low Low Zio Pro Fac Ext Cet Arc Hub Gar Fac Was Fac Gar Fac Gar Fac Gar Fac Gar Res Arm Lab Res Qua Machines Disabled 102 | . . 1 5 . 1 . . . 5 3 1 2 2 11 2 . . 8 . 11 1 6 11 8 5 10 1 . 8 Max in Single Turn 2 | . . 1 1 . 1 . . . 2 2 1 . 1 1 2 . . 1 . 1 . 1 2 1 1 1 1 . 2 Garrison Access 7 | . . . 1 1 . . . . . . . . . . . . . . . . . . 2 . 2 . . 1 . Garrison Relay 23 | . . . . . . . . . . . . . . 5 . . . 5 . 6 . 3 . 4 . . . . . Energy Cycler 1 | . . . . . . . . . . 1 . . . . . . . . . . . . . . . . . . . Machines Repaired . | . . . . . . . . . . . . . . . . . . . . . . . . . . . . . . Machines Dismantled . | . . . . . . . . . . . . . . . . . . . . . . . . . . . . . . Machines Sabotaged . | . . . . . . . . . . . . . . . . . . . . . . . . . . . . . . Overloaded Fab Kills . | . . . . . . . . . . . . . . . . . . . . . . . . . . . . . . Hacking | -11 -10 -10 -8 -7 -7 -7 -7 -6 -6 -6 -6 -6 -6 -6 -5 -5 -5 -5 -5 -5 -4 -4 -4 -4 -3 -3 -3 -2 -2 --------- Run | Yrd Mat Sub Mat Fac Low Low Zio Pro Fac Ext Cet Arc Hub Gar Fac Was Fac Gar Fac Gar Fac Gar Fac Gar Res Arm Lab Res Qua Machines Accessed 63 | . 2 3 10 2 1 . . . 4 . . 1 4 . 3 . 4 . 4 . 3 . 9 . 3 7 . 2 1 Terminals 15 | . 1 . 6 1 . . . . 2 . . . 3 . . . . . . . . . . . . 2 . . . Fabricators 8 | . . . . 1 . . . . . . . . . . 1 . . . 1 . . . 1 . . 4 . . . Repair Stations 6 | . 1 . 2 . . . . . . . . . . . . . . . . . 1 . 1 . . 1 . . . Recycling Units 8 | . . . . . . . . . 1 . . . . . 2 . 1 . 1 . . . 3 . . . . . . Scanalyzers 8 | . . . 1 . . . . . 1 . . . . . . . 2 . 1 . . . 1 . 1 . . 1 . Garrison Access 13 | . . . 1 . . . . . . . . . 1 . . . 1 . 1 . 2 . 3 . 2 . . 1 1 Total Hacks 122 | . 5 4 22 2 1 . . . 15 . . 2 4 . 4 . 6 . 7 . 4 . 16 . 3 22 . 4 1 Successful 81 | . 2 4 17 1 1 . . . 8 . . 2 2 . 3 . 1 . 6 . 4 . 10 . 2 14 . 3 1 Failed 39 | . 3 . 4 1 . . . . 7 . . . 2 . 1 . 5 . 1 . . . 6 . 1 8 . . . Catastrophic 6 | . . . . . . . . . 2 . . . 2 . 1 . . . . . . . 1 . . . . . . Database Lockouts 2 | . . . 1 . . . . . . . . . . . . . . . . . . . . . . . . 1 . Manual 23 | . 3 . 9 . . . . . 1 . 1 . 3 . . . . . . . . . 1 . . 5 . . . Terminals 35 | . 3 . 10 1 . . . . 6 . . . 3 . . . . . . . . . . . . 12 . . . Fabricators 16 | . . . . 1 . . . . . . . . . . 2 . . . 2 . . . 2 . . 9 . . . Repair Stations 11 | . 2 . 4 . . . . . . . . . . . . . . . . . 2 . 2 . . 1 . . . Recycling Units 14 | . . . . . . . . . 3 . . . . . 2 . 1 . 2 . . . 6 . . . . . . Scanalyzers 24 | . . . 5 . . . . . 6 . . . . . . . 4 . 2 . . . 3 . 1 . . 3 . Garrison Access 15 | . . . 3 . . . . . . . . . 1 . . . 1 . 1 . 2 . 3 . 2 . . 1 1 Terminal Hacks 19 | . . 4 1 1 1 . . . 2 . . 2 . . . . . . . . . . . . . 8 . . . Record 4 | . . 1 . . . . . . . . . 2 . . . . . . . . . . . . . 1 . . . Prototype ID Bank 1 | . . . . . . . . . . . . . . . . . . . . . . . . . . 1 . . . Open Door 2 | . . 1 . . 1 . . . . . . . . . . . . . . . . . . . . . . . . Level Access Points 1 | . . . 1 . . . . . . . . . . . . . . . . . . . . . . . . . . Branch Access Points 1 | . . . . . . . . . 1 . . . . . . . . . . . . . . . . . . . . Locate Traps 2 | . . . . . . . . . 1 . . . . . . . . . . . . . . . . 1 . . . Disarm Traps 1 | . . . . . . . . . . . . . . . . . . . . . . . . . . 1 . . . Dispatch Records 1 | . . . . . . . . . . . . . . . . . . . . . . . . . . 1 . . . Recall Investigation 1 | . . . . . . . . . . . . . . . . . . . . . . . . . . 1 . . . Recall Extermination 1 | . . . . . . . . . . . . . . . . . . . . . . . . . . 1 . . . Hauler Manifests 1 | . . . . 1 . . . . . . . . . . . . . . . . . . . . . . . . . Registered Components 1 | . . . . . . . . . . . . . . . . . . . . . . . . . . 1 . . . Proto ID Catalog 1 | . . 1 . . . . . . . . . . . . . . . . . . . . . . . . . . . Release Object 1 | . . 1 . . . . . . . . . . . . . . . . . . . . . . . . . . . Fabricator Hacks 7 | . . . . . . . . . . . . . . . 2 . . . 2 . . . 1 . . 2 . . . Network Status 3 | . . . . . . . . . . . . . . . . . . . . . . . 1 . . 2 . . . Load Schematic 2 | . . . . . . . . . . . . . . . 1 . . . 1 . . . . . . . . . . Build 2 | . . . . . . . . . . . . . . . 1 . . . 1 . . . . . . . . . . Repair Station Hacks 9 | . 2 . 4 . . . . . . . . . . . . . . . . . 2 . 1 . . . . . . Scan Component 5 | . 1 . 2 . . . . . . . . . . . . . . . . . 1 . 1 . . . . . . Repair 4 | . 1 . 2 . . . . . . . . . . . . . . . . . 1 . . . . . . . . Recycling Unit Hacks 7 | . . . . . . . . . 1 . . . . . 1 . . . 1 . . . 4 . . . . . . Process 3 | . . . . . . . . . . . . . . . . . . . . . . . 3 . . . . . . Retrieve Matter 1 | . . . . . . . . . . . . . . . . . . . . . . . 1 . . . . . . Retrieve Components 3 | . . . . . . . . . 1 . . . . . 1 . . . 1 . . . . . . . . . . Scanalyzer 13 | . . . 4 . . . . . 4 . . . . . . . . . 2 . . . 1 . . . . 2 . Insert Component 5 | . . . 2 . . . . . 3 . . . . . . . . . . . . . . . . . . . . Analyze 1 | . . . 1 . . . . . . . . . . . . . . . . . . . . . . . . . . Retrieve Study 7 | . . . 1 . . . . . 1 . . . . . . . . . 2 . . . 1 . . . . 2 . Garrison Access Hacks 13 | . . . 1 . . . . . . . . . 1 . . . 1 . 1 . 2 . 3 . 2 . . 1 1 Unlock Access 7 | . . . . . . . . . . . . . 1 . . . 1 . 1 . 2 . 1 . . . . . 1 Seal Access 6 | . . . 1 . . . . . . . . . . . . . . . . . . . 2 . 2 . . 1 . Unauthorized Hacks 13 | . . . 7 . . . . . 1 . . . 1 . . . . . . . . . . . . 4 . . . Terminals 10 | . . . 7 . . . . . . . . . 1 . . . . . . . . . . . . 2 . . . Botnet 3 | . . . 2 . . . . . . . . . . . . . . . . . . . . . . 1 . . . Operators 1 | . . . . . . . . . . . . . . . . . . . . . . . . . . 1 . . . Skim 5 | . . . 5 . . . . . . . . . . . . . . . . . . . . . . . . . . Sabotage 1 | . . . . . . . . . . . . . 1 . . . . . . . . . . . . . . . . Fabricators 2 | . . . . . . . . . . . . . . . . . . . . . . . . . . 2 . . . Fabnet 2 | . . . . . . . . . . . . . . . . . . . . . . . . . . 2 . . . Repair Stations . | . . . . . . . . . . . . . . . . . . . . . . . . . . . . . . Recycling Units 1 | . . . . . . . . . 1 . . . . . . . . . . . . . . . . . . . . Tunnel 1 | . . . . . . . . . 1 . . . . . . . . . . . . . . . . . . . . Scanalyzers . | . . . . . . . . . . . . . . . . . . . . . . . . . . . . . . Garrison Access . | . . . . . . . . . . . . . . . . . . . . . . . . . . . . . . Data Cores Recovered 4 | . . . 1 . . . . . . . . . . . . . . . . . 1 . . . . . . 2 . Used . | . . . . . . . . . . . . . . . . . . . . . . . . . . . . . . Hacking Detections 34 | . 1 . 6 2 . . . . 3 . . . 2 . 2 . 4 . 2 . 1 . 5 . 1 5 . . . Full Trace Events 1 | . . . . . . . . . 1 . . . . . . . . . . . . . . . . . . . . Feedback Events . | . . . . . . . . . . . . . . . . . . . . . . . . . . . . . . Feedback Blocked . | . . . . . . . . . . . . . . . . . . . . . . . . . . . . . . Robot Schematics Acquired 4 | . . . . . . . 4 . . . . . . . . . . . . . . . . . . . . . . Robots Built 4 | . . . . . . . . . . . . . . . 2 . . . 2 . . . . . . . . . . Authchips 2 | . . . . . . . . . . . . . . . 1 . . . 1 . . . . . . . . . . Time 201 | . . . . . . . . . . . . . . . 134 . . . 67 . . . . . . . . . . Total Robot Build Rating 16 | . . . . . . . . . . . . . . . 8 . . . 8 . . . . . . . . . . Part Schematics Acquired 17 | . . . 1 . . . 15 . . . . . . . . . . . . . . . . . . . . . 1 Parts Built . | . . . . . . . . . . . . . . . . . . . . . . . . . . . . . . Authchips . | . . . . . . . . . . . . . . . . . . . . . . . . . . . . . . Time . | . . . . . . . . . . . . . . . . . . . . . . . . . . . . . . Total Part Build Rating . | . . . . . . . . . . . . . . . . . . . . . . . . . . . . . . Part Studies Acquired 7 | . . . 1 . . . . . 1 . . . . . . . . . 2 . . . 1 . . . . 2 . Parts Repaired 4 | . 1 . 2 . . . . . . . . . . . . . . . . . 1 . . . . . . . . Time 198 | . 26 . 64 . . . . . . . . . . . . . . . . . 108 . . . . . . . . Parts Recycled . | . . . . . . . . . . . . . . . . . . . . . . . . . . . . . . Recycled Matter 523 | . . . . . . . . . . . . . . . . . . . . . . . 523 . . . . . . Retrieved Matter 52 | . . . . . . . . . . . . . . . . . . . . . . . 52 . . . . . . Retrieved Components 16 | . . . . . . . . . 3 . . . . . 3 . . . 10 . . . . . . . . . . Parts Scanalyzed 1 | . . . 1 . . . . . . . . . . . . . . . . . . . . . . . . . . Part Schematics Acquired 1 | . . . 1 . . . . . . . . . . . . . . . . . . . . . . . . . . Parts Damaged . | . . . . . . . . . . . . . . . . . . . . . . . . . . . . . . Bothacking | -11 -10 -10 -8 -7 -7 -7 -7 -6 -6 -6 -6 -6 -6 -6 -5 -5 -5 -5 -5 -5 -4 -4 -4 -4 -3 -3 -3 -2 -2 ------------ Run | Yrd Mat Sub Mat Fac Low Low Zio Pro Fac Ext Cet Arc Hub Gar Fac Was Fac Gar Fac Gar Fac Gar Fac Gar Res Arm Lab Res Qua Used RIF Installer 6 | . . . . . . . . . . . . . . 1 . . . 1 . 1 . 1 . 2 . . . . . Coupler Efficiency 1 | . . . . . . . . . . . . . . . . . . . . 1 . . . . . . . . . Command Fork 1 | . . . . . . . . . . . . . . . . . . . . . . . . 1 . . . . . Threat Obfuscator 1 | . . . . . . . . . . . . . . . . . . . . . . . . 1 . . . . . Signal Jammer 1 | . . . . . . . . . . . . . . . . . . . . . . 1 . . . . . . . Alert ID Control 1 | . . . . . . . . . . . . . . . . . . 1 . . . . . . . . . . . Robots Hacked 118 | . . . . . . . . . . . . 1 . . . 1 3 6 16 10 17 6 6 9 2 24 . 12 5 Non-combat 33 | . . . . . . . . . . . . 1 . . . . 1 . 7 . 10 . 4 1 2 2 . 4 1 Combat 85 | . . . . . . . . . . . . . . . . 1 2 6 9 10 7 6 2 8 . 22 . 8 4 Robot Hacks Applied 140 | . . . . . . . . . . . . 1 . . . 1 3 7 20 11 19 6 18 10 3 27 1 9 4 parse_system 8 | . . . . . . . . . . . . . . . . . . . . . . . 1 1 . 3 1 2 . no_distress 1 | . . . . . . . . . . . . . . . . . . . . . . . . . . 1 . . . map_walls 3 | . . . . . . . . . . . . . . . . . . . 1 . 2 . . . . . . . . map_earth 2 | . . . . . . . . . . . . . . . . . . . . . . . 2 . . . . . . find_fabricator 1 | . . . . . . . . . . . . . . . . . . . 1 . . . . . . . . . . drop_inventory 7 | . . . . . . . . . . . . . . . . . 1 . 2 . 3 . . . . . . 1 . ignore_parts 1 | . . . . . . . . . . . . . . . . . . . 1 . . . . . . . . . . check_alert 1 | . . . . . . . . . . . . 1 . . . . . . . . . . . . . . . . . purge_threat 13 | . . . . . . . . . . . . . . . . . . . . . 2 . 10 . 1 . . . . block_reporting 2 | . . . . . . . . . . . . . . . . . . . . . . . 1 . . 1 . . . map_route 2 | . . . . . . . . . . . . . . . . . . . 1 . 1 . . . . . . . . ignore_targets 1 | . . . . . . . . . . . . . . . . 1 . . . . . . . . . . . . . find_garrison 2 | . . . . . . . . . . . . . . . . . . . 2 . . . . . . . . . . link_fov 1 | . . . . . . . . . . . . . . . . . . . 1 . . . . . . . . . . mark_system 1 | . . . . . . . . . . . . . . . . . . . . . . . . . . 1 . . . spike_heat 4 | . . . . . . . . . . . . . . . . . . 2 . 1 . . . . . 1 . . . overload_power 1 | . . . . . . . . . . . . . . . . . . . 1 . . . . . . . . . . amplify_resonance 4 | . . . . . . . . . . . . . . . . . . . . . 1 . . . . 3 . . . disable_weapons 2 | . . . . . . . . . . . . . . . . . . . . . 1 . . . . . . 1 . reboot_system 6 | . . . . . . . . . . . . . . . . . . 1 1 2 . . . . . 2 . . . overwrite_iff 25 | . . . . . . . . . . . . . . . . . 2 3 1 3 1 1 . 5 . 6 . 1 2 formatsys_low 13 | . . . . . . . . . . . . . . . . . . . 2 . 3 . 2 1 2 . . 2 1 formatsys_high 39 | . . . . . . . . . . . . . . . . . . 1 6 5 5 5 2 3 . 9 . 2 1 Relay Couplers Released 91 | . . . . 1 . . . . . . . . . 20 . . . 20 . 23 . 12 . 15 . . . . . Machine Destruction 91 | . . . . 1 . . . . . . . . . 20 . . . 20 . 23 . 12 . 15 . . . . . Attached 47 | . . . . . . . . . . . . . . . . 1 1 2 7 6 5 4 4 7 1 7 . 1 1 Fabnet Peak Effective % 6 | . . . . . . . . . . . . . . . . . . . . . . . . . . . . 6 6 Autooverrided 4 | . . . . . . . . . . . . . . . . . . . . . . . . . . . . 3 1 Robots Rewired 50 | . . . . . . . . . . 28 . . . 2 . . . 4 . 2 . 5 . 2 . 7 . . . Allies Hacked 22 | . . . . . . . . . . . . . . . . . . . 2 . 4 . 4 1 3 6 . 1 1 Hacks Repelled 8 | . . . . . . . . . . . . . . . . . . . . . . . . 1 . 4 . . 3 Allies | -11 -10 -10 -8 -7 -7 -7 -7 -6 -6 -6 -6 -6 -6 -6 -5 -5 -5 -5 -5 -5 -4 -4 -4 -4 -3 -3 -3 -2 -2 -------- Run | Yrd Mat Sub Mat Fac Low Low Zio Pro Fac Ext Cet Arc Hub Gar Fac Was Fac Gar Fac Gar Fac Gar Fac Gar Res Arm Lab Res Qua Total Allies 163 | . . . . . . . . . . 35 5 . . 2 2 1 2 9 11 11 9 13 6 14 3 25 . 10 5 Largest Group 30 | . . . . . . . . . . 30 22 19 15 2 2 3 3 4 6 6 5 9 7 6 8 8 2 5 4 Highest-Rated Group 1084 | . . . . . . . . . . 966 1084 959 736 89 64 95 95 172 170 308 308 334 310 268 284 368 152 274 238 Highest-Rated Ally 159 | . . . . . . . . . . 159 159 143 96 51 32 32 47 46 54 116 116 119 119 82 56 143 143 143 82 Total Orders 385 | . . . . . . . . . . 26 5 . 8 3 9 . 11 6 9 15 18 46 28 39 13 76 5 41 27 STAY 150 | . . . . . . . . . . 12 2 . 3 1 . . 2 4 4 5 5 25 9 23 3 33 2 10 7 FOLLOW 133 | . . . . . . . . . . 9 2 . 2 . . . . . 4 4 7 19 11 12 3 35 3 14 8 GUARD 5 | . . . . . . . . . . . . . . . . . . . . . 2 1 1 . . . . . 1 AID 9 | . . . . . . . . . . . . . . . . . . . 1 1 . 1 . 2 . . . 3 1 PICKUP 1 | . . . . . . . . . . . . . . . . . . . . . . . 1 . . . . . . EXPLORE 18 | . . . . . . . . . . . . . . . 4 . 4 . . . . . 1 . . 1 . 6 2 RETURN 69 | . . . . . . . . . . 5 1 . 3 2 5 . 5 2 . 5 4 . 5 2 7 7 . 8 8 Ally Attacks 2617 | . . . . . . . . . . 136 67 41 142 16 6 56 12 73 75 127 300 196 371 162 183 408 . 133 113 Total Damage 75927 | . . . . . . . . . . 2339 1412 1087 3470 369 213 1740 287 1747 2235 2958 6056 5182 12630 5978 6190 14255 . 4313 3466 Kills 430 | . . . . . . . . . . 16 9 5 29 1 . 2 1 11 13 17 42 33 79 44 28 65 . 19 16 Allies Corrupted 21 | . . . . . . . . . . . . . . . . . . 1 . . 2 . 2 . 2 8 . 5 1 Allies Melted 6 | . . . . . . . . . . . . . . . . . . . . . 1 . 2 2 . 1 . . . Borg Created 54 | . . . . . . . . . . . . . . . . . . . . . 8 4 11 8 . 18 . 3 2 Largest Collective 8 | . . . . . . . . . . . . . . . . . . . . . 4 6 7 8 . 5 . 3 2 Intel | -11 -10 -10 -8 -7 -7 -7 -7 -6 -6 -6 -6 -6 -6 -6 -5 -5 -5 -5 -5 -5 -4 -4 -4 -4 -3 -3 -3 -2 -2 ------- Run | Yrd Mat Sub Mat Fac Low Low Zio Pro Fac Ext Cet Arc Hub Gar Fac Was Fac Gar Fac Gar Fac Gar Fac Gar Res Arm Lab Res Qua Active Infowar (turns) 33532 | 60 522 1485 1022 720 143 . 233 1273 1232 2000 592 841 953 1784 850 157 589 1741 1141 1404 1363 1550 2412 2312 1258 3451 160 1341 943 Optics 29578 | . . . . . . . 233 1273 1232 2000 592 841 953 1784 850 157 589 1741 1141 1404 1363 1550 2412 2312 1256 3451 160 1341 943 Terrain 2708 | . . . . . . . . . . . . . . . 41 . . . . . . . 557 2 572 1289 . 132 115 Seismic 3952 | 60 522 1485 1022 720 143 . . . . . . . . . . . . . . . . . . . . . . . . Machine Analysis 942 | . . . . . . . . . . . . . 938 4 . . . . . . . . . . . . . . . Spoofing 2 | . . . . . . . . . . . . . . . . . . . . . . 2 . . . . . . . Jamming 6564 | . . . . . . . . . . . . . . . . . 170 1410 1138 1260 1306 1280 . . . . . . . Robot Analysis Total . | . . . . . . . . . . . . . . . . . . . . . . . . . . . . . . Derelict Logs Recovered 11 | . . 2 . . 2 3 2 2 . . . . . . . . . . . . . . . . . . . . . Drone Launches 67 | . . . . . . . . . . 5 1 . 3 2 4 . 5 2 . 5 4 . 5 2 6 8 . 9 6 Drone Recoveries 67 | . . . . . . . . . . 5 1 . 3 2 4 . 5 2 . 5 4 . 5 2 6 8 . 9 6 Exploration | -11 -10 -10 -8 -7 -7 -7 -7 -6 -6 -6 -6 -6 -6 -6 -5 -5 -5 -5 -5 -5 -4 -4 -4 -4 -3 -3 -3 -2 -2 ------------- Run | Yrd Mat Sub Mat Fac Low Low Zio Pro Fac Ext Cet Arc Hub Gar Fac Was Fac Gar Fac Gar Fac Gar Fac Gar Res Arm Lab Res Qua Turns Passed 37230 | 127 575 1553 1602 855 782 1040 1335 1273 1232 2000 592 841 953 1784 850 157 589 1741 1141 1404 1363 1550 2412 2312 1258 3465 160 1341 943 Spaces Moved 19468 | 61 264 970 900 636 587 775 1076 941 755 865 323 76 610 874 452 71 263 777 558 672 592 643 1220 1094 756 1531 66 646 414 Core 5 | 4 . . . . . . . . . . . . . . . . . . . . . . . . . . . . 1 Treads 939 | 57 264 618 . . . . . . . . . . . . . . . . . . . . . . . . . . . Legs . | . . . . . . . . . . . . . . . . . . . . . . . . . . . . . . Wheels 18524 | . . 352 900 636 587 775 1076 941 755 865 323 76 610 874 452 71 263 777 558 672 592 643 1220 1094 756 1531 66 646 413 Hover . | . . . . . . . . . . . . . . . . . . . . . . . . . . . . . . Flight . | . . . . . . . . . . . . . . . . . . . . . . . . . . . . . . Fastest Speed 50 | 50 160 135 110 110 110 120 120 120 115 124 130 130 129 129 150 150 150 130 150 150 150 150 163 163 145 145 165 165 145 Average Speed 143 | 152 160 151 119 110 116 124 120 120 125 140 135 130 129 140 150 150 150 149 150 150 159 165 164 163 145 160 165 165 170 Slowest Speed 2450 | 160 160 160 135 116 125 140 120 120 141 141 141 130 130 150 150 150 150 150 150 150 170 170 205 166 145 165 165 165 2450 Overloaded Moves . | . . . . . . . . . . . . . . . . . . . . . . . . . . . . . . Propulsion Burnouts . | . . . . . . . . . . . . . . . . . . . . . . . . . . . . . . Robots Hopped . | . . . . . . . . . . . . . . . . . . . . . . . . . . . . . . Potential Cave-ins 2 | . . . . . . . . . . . . . . . . . . . . . . . . . . 2 . . . Cave-ins Triggered . | . . . . . . . . . . . . . . . . . . . . . . . . . . . . . . Exploration Rate (%) 55 | 3 44 52 71 20 69 98 84 91 18 89 82 88 72 69 20 70 15 67 18 89 21 78 42 94 34 88 6 29 46 Regions Visited 29 Branch Regions 12 Pre-discovered Areas 8 | . . 1 3 . . . 3 . 1 . . . . . . . . . . . . . . . . . . . . Known Exits Taken 13 | . . . 1 1 1 . . . 1 1 . . 1 . . . 1 . 1 . 1 . 1 . 1 . 1 1 . Unknown Exits Taken 9 | 1 1 1 . . . 1 1 1 . . 1 1 . . . . . . . . . . . . . 1 . . . Scrap Searched 26 | . . 12 . . 2 3 4 5 . . . . . . . . . . . . . . . . . . . . . Spaces Dug 133 | . 2 . . . . 6 . . . . . . 10 6 4 . . 7 3 8 9 2 19 3 13 22 . 18 1 Terrain Destroyed 902 | . 2 . 6 21 . 39 . 3 29 50 2 . 15 62 27 . 4 46 44 72 17 6 100 15 14 109 . 96 123 Melee . | . . . . . . . . . . . . . . . . . . . . . . . . . . . . . . Projectile 266 | . 2 . 4 . . 3 . . 5 22 2 . 15 47 15 . 4 36 20 10 12 6 . 15 4 33 . . 11 AOE 636 | . . . 2 21 . 36 . 3 24 28 . . . 15 12 . . 10 24 62 5 . 100 . 10 76 . 96 112 Terrain Rammed . | . . . . . . . . . . . . . . . . . . . . . . . . . . . . . . Walls Destroyed . | . . . . . . . . . . . . . . . . . . . . . . . . . . . . . . Machines Disabled . | . . . . . . . . . . . . . . . . . . . . . . . . . . . . . . Actions | -11 -10 -10 -8 -7 -7 -7 -7 -6 -6 -6 -6 -6 -6 -6 -5 -5 -5 -5 -5 -5 -4 -4 -4 -4 -3 -3 -3 -2 -2 --------- Run | Yrd Mat Sub Mat Fac Low Low Zio Pro Fac Ext Cet Arc Hub Gar Fac Was Fac Gar Fac Gar Fac Gar Fac Gar Res Arm Lab Res Qua Total 26862 | 85 377 1031 1248 738 645 823 1125 1019 947 1538 452 815 737 1229 582 109 439 1157 804 987 933 1072 1558 1512 902 2406 115 871 606 Wait 3961 | 8 58 4 202 36 18 15 6 38 54 277 100 733 89 116 81 23 141 108 144 116 190 261 178 213 81 441 46 119 65 Move 19443 | 60 263 969 899 635 586 774 1075 940 754 864 322 75 610 873 452 70 262 776 558 671 591 642 1220 1093 755 1530 65 645 414 Hop . | . . . . . . . . . . . . . . . . . . . . . . . . . . . . . . Pick Up 294 | 6 18 10 8 17 9 7 16 3 22 1 3 . . 13 3 1 2 16 4 14 16 18 16 10 9 36 . 7 9 Fast Attach 125 | 7 3 3 13 6 1 . 3 1 10 4 2 1 1 4 7 2 4 10 10 7 1 1 6 7 2 5 . 3 1 Attach 101 | . . 2 3 3 3 3 2 4 9 . 3 . . 5 2 1 1 7 5 5 7 4 5 4 3 12 . 3 5 Detach 64 | . . 2 2 . 1 . 1 1 2 1 1 1 1 3 3 2 4 1 4 8 4 2 7 5 1 4 . 3 . Swap 625 | 1 5 7 35 15 2 6 3 9 19 13 8 3 14 14 6 2 14 21 13 40 56 40 52 38 30 73 2 46 38 Drop 292 | . 10 21 17 5 7 4 18 2 23 1 3 . 2 14 7 2 2 21 6 16 8 15 17 15 10 30 . 7 9 Fire 1096 | 3 20 13 68 20 18 14 1 21 38 46 10 1 20 114 21 6 9 109 59 62 46 44 44 93 11 102 2 35 46 Melee 9 | . . . . . . . . . . . . 1 . . . . . . . . . 8 . . . . . . . Ram 1 | . . . 1 . . . . . . . . . . . . . . . . . . . . . . . . . . Kick . | . . . . . . . . . . . . . . . . . . . . . . . . . . . . . . Crush . | . . . . . . . . . . . . . . . . . . . . . . . . . . . . . . Escape Stasis 276 | . . . . . . . . . 16 . . . . 56 . . . 68 . 48 . 32 . 16 . 24 . . 16 Rewire 505 | . . . . . . . . . . 331 . . . 17 . . . 20 1 . . 1 1 10 . 124 . . . Trap . | . . . . . . . . . . . . . . . . . . . . . . . . . . . . . . Miscellaneous 70 | . . . . 1 . . . . . . . . . . . . . . . . 14 4 12 8 . 25 . 3 3 Route ------- -11/Scrapyard -10/Materials (discovered 3 exits: [*Mat] / [*Min] / *Sub) -10/Subcaves -8/Materials (discovered 3 exits: *Fac x3) -7/Factory (discovered 2 exits: *Low x2) -7/Lower Caves -7/Lower Caves (discovered 2 exits: *Fac / [*Zio]) -7/Zion -6/Proximity Caves -6/Factory (discovered 8 exits: *Fac x4 / *Low x2 / *Ext x2) -6/Extension (discovered 2 exits: *Fac / *Cet) -6/Cetus (discovered 2 exits: *Fac / *Arc) -6/Archives (discovered 2 exits: *Fac / *Hub) -6/Hub_04(d) (discovered 5 exits: *Fac x4 / Gar) -6/Garrison (discovered 2 exits: *Fac x2) -5/Factory (discovered 2 exits: *Fac / [*Upp]) -5/Waste -5/Factory (discovered 2 exits: *Fac / Gar) -5/Garrison (discovered 3 exits: *Fac x3) -5/Factory -5/Garrison (discovered 3 exits: *Fac x3) -4/Factory (discovered 6 exits: *Res x4 / Gar / Gar) -4/Garrison (discovered 2 exits: *Fac x2) -4/Factory (discovered 7 exits: *Res x4 / *Upp x2 / Gar) -4/Garrison (discovered 3 exits: *Res x3) -3/Research (discovered 6 exits: Res x3 / *Arm / Tes x2) -3/Armory -3/Lab -2/Research -2/Quarantine (discovered 2 exits: Acc / Gar) History --------- Turn | Location | Event 5 | -11/Scrapyard | Discovered new exit (range 15) 128 | -11/Scrapyard | Entered Materials 303 | -10/Materials | Build established: Mutant 343 | -10/Materials | Discovered new exit (range 13) 406 | -10/Materials | Discovered new exit (range 15) 636 | -10/Materials | Repaired Lgt. Treads 689 | -10/Materials | Discovered new exit (range 10) 703 | -10/Materials | Entered Subcaves 1151 | -10/Subcaves | Learned location of Storage (-9) 1255 | -10/Subcaves | Shifting Twisted Machinery released Sub. Optics 1260 | -10/Subcaves | Shifting Twisted Machinery released Sub. Laser 1449 | -10/Subcaves | Shifting Twisted Machinery released Mak. System Restoration Module 1452 | -10/Subcaves | Shifting Twisted Machinery released Sub. Optics 1610 | -10/Subcaves | Shifting Twisted Machinery released Battle Rifle 1627 | -10/Subcaves | Shifting Twisted Machinery released Scrap Shield 1637 | -10/Subcaves | Discovered new exit (range 14) 1741 | -10/Subcaves | Visited 4L-MR0's lab 1759 | -10/Subcaves | Found Prototype Special Melee Weapon 1767 | -10/Subcaves | Found Power Bank 1981 | -10/Subcaves | A swath of the cavern ceiling suddenly collapsed 2016 | -10/Subcaves | Learned Materials trap positions 2043 | -10/Subcaves | Found SUBCON Basin 2256 | -10/Subcaves | Entered Materials 2256 | -8/Materials | Evolved 4 slots: Propulsion x1, Utility x1, Weapon x2 2257 | -8/Materials | Loaded intel: 11 trap records 2481 | -8/Materials | Identified exit to Factory 2871 | -8/Materials | Build established: Scavenger-Gunner 2963 | -8/Materials | Learned Factory interactive machine intel 3132 | -8/Materials | Learned location of Zion (-7) 3168 | -8/Materials | Learned Factory stockpile data 3193 | -8/Materials | Learned Factory stockpile data 3208 | -8/Materials | Learned location of 1 exit from Extension 3307 | -8/Materials | Learned Storage terminal intel 3388 | -8/Materials | Repaired Arm. Wheel 3554 | -8/Materials | Repaired Arm. Wheel 3836 | -8/Materials | Identified 1B-0RG's Assimilator 3837 | -8/Materials | Central database locked down 3858 | -8/Materials | Entered Factory 3858 | -7/Factory | Evolved 2 slots: Utility x2 3859 | -7/Factory | Identified exit to Lower Caves 3861 | -7/Factory | Loaded intel: 51 interactive machine locations 4170 | -7/Factory | Released subatomizers from SUBCON Basin 4238 | -7/Factory | Build established: Gunner 4567 | -7/Factory | Garrison activated, responded to threat 4713 | -7/Factory | Entered Lower Caves 5037 | -7/Lower Caves | Build established: Scavenger-Gunner 5044 | -7/Lower Caves | Attacked by a delusional Derelict stockpiling parts 5251 | -7/Lower Caves | Learned 4 Factory zone layouts 5412 | -7/Lower Caves | Identified exit to Lower Caves 5429 | -7/Lower Caves | Build established: Scavenger-Tank 5495 | -7/Lower Caves | Entered another Lower Caves area 5671 | -7/Lower Caves | Learned 4 Factory zone layouts 5826 | -7/Lower Caves | Discovered new exit (range 5) 5938 | -7/Lower Caves | Build established: Gunner 5972 | -7/Lower Caves | Learned Factory stockpile data 6115 | -7/Lower Caves | Learned Factory terminal intel 6356 | -7/Lower Caves | Discovered new exit (range 3) 6535 | -7/Lower Caves | Entered Zion 6643 | -7/Zion | Discovered new exit (range 16) 6683 | -7/Zion | Given the Hacking Drone Bay 6685 | -7/Zion | Found Prototype Device 6686 | -7/Zion | Identified Hacking Drone Bay 6960 | -7/Zion | Learned 4 Factory zone layouts 7039 | -7/Zion | Learned location of Quarantine (-2) 7175 | -7/Zion | Learned Factory emergency access door positions 7207 | -7/Zion | Learned location of Armory (-3) 7255 | -7/Zion | Learned Factory emergency access door positions 7619 | -7/Zion | Found Prototype Processor 7619 | -7/Zion | Identified Exp. Targeting Computer 7629 | -7/Zion | Found Prototype Processor 7631 | -7/Zion | Found Prototype Hackware 7633 | -7/Zion | Found Prototype Processor 7637 | -7/Zion | Found Prototype Processor 7637 | -7/Zion | Identified Spectral Analyzer 7650 | -7/Zion | Found Exp. Targeting Computer 7751 | -7/Zion | Found Relay Coupler [Programmer] 7753 | -7/Zion | Found Relay Coupler [Programmer] 7759 | -7/Zion | Found Relay Coupler [Programmer] 7761 | -7/Zion | Found Relay Coupler [Programmer] 7763 | -7/Zion | Found Relay Coupler [Programmer] 7870 | -7/Zion | Entered Proximity Caves 7873 | -6/Proximity Caves | Spotter reported a threat 7896 | -6/Proximity Caves | Spotted B-75 Beast 8051 | -6/Proximity Caves | Destroyed B-75 Beast 8118 | -6/Proximity Caves | Learned Factory security intel 8313 | -6/Proximity Caves | Attracted the attention of an 0b10 checkpoint 8411 | -6/Proximity Caves | Learned location of 1 exit from Factory 9086 | -6/Proximity Caves | Discovered new exit (range 22) 9143 | -6/Proximity Caves | Entered Factory 9143 | -6/Factory | Evolved 2 slots: Utility x2 9144 | -6/Factory | Identified exit to Factory 9145 | -6/Factory | Identified exit to Lower Caves 9149 | -6/Factory | Loaded intel: 27 terminal locations 9256 | -6/Factory | Spotted B-75 Beast 9365 | -6/Factory | Discovered new exit (range 18) 9374 | -6/Factory | Identified exit to Extension 9523 | -6/Factory | Build established: Derelict-Tank 9606 | -6/Factory | Garrison activated, responded to threat 9723 | -6/Factory | Identified Exp. Melee Analysis Suite 9723 | -6/Factory | Identified Exp. Target Analyzer 9723 | -6/Factory | Identified Exp. System Shield 9866 | -6/Factory | Found Powered Armor 10016 | -6/Factory | Cargo convoy interrupted 10103 | -6/Factory | Found PL-3XN's Ring of Power 10204 | -6/Factory | Build established: Gunner 10375 | -6/Factory | Entered Extension 10376 | -6/Extension | Identified exit to Cetus 10823 | -6/Extension | Build established: Commander-Gunner 11014 | -6/Extension | Spotted B-75 Beast 11129 | -6/Extension | Rescued a captive Derelict 11200 | -6/Extension | Rescued a captive Derelict 11388 | -6/Extension | Destroyed B-75 Beast 11398 | -6/Extension | Spotted B-75 Beast 11415 | -6/Extension | Destroyed B-75 Beast 11648 | -6/Extension | Rescued a captive Derelict 11655 | -6/Extension | Rescued a captive Derelict 11947 | -6/Extension | Rescued a captive Derelict 12015 | -6/Extension | Energy Cycler disabled 12017 | -6/Extension | Rescued A7 12030 | -6/Extension | Rescued a captive Derelict 12033 | -6/Extension | Rescued a captive Derelict 12077 | -6/Extension | Disrupted transfer network 12125 | -6/Extension | First assault squad dispatched 12180 | -6/Extension | P-60 Hacker assimilated allied ZS-MFU(h) 12241 | -6/Extension | Discovered exit to Factory (range 10) 12375 | -6/Extension | Entered Cetus 12375 | -6/Cetus | Accompanied by 19 allies (A7) 12380 | -6/Cetus | Acquired a Cetus Manufacturing Module code from A7 12387 | -6/Cetus | Spotted Cetus Guard 12387 | -6/Cetus | Spotted Cetus Guard 12391 | -6/Cetus | Spotted Cetus Guard 12394 | -6/Cetus | Spotted Cetus Guard 12410 | -6/Cetus | Destroyed Cetus Guard 12411 | -6/Cetus | Allies destroyed Cetus Guard 12416 | -6/Cetus | Allies destroyed Cetus Guard 12419 | -6/Cetus | Allies destroyed Cetus Guard 12487 | -6/Cetus | Started Cetus Manufacturing Module 12512 | -6/Cetus | Manufactured an Enhanced Grunt 12537 | -6/Cetus | Manufactured an Enhanced Grunt 12562 | -6/Cetus | Manufactured an Enhanced Grunt 12587 | -6/Cetus | Manufactured an Enhanced Grunt 12612 | -6/Cetus | Manufactured an Enhanced Grunt 12622 | -6/Cetus | Escorted A7 to Cetus Mainframe 12630 | -6/Cetus | Discovered new exit (range 24) 12663 | -6/Cetus | Spotted Cetus Guard 12663 | -6/Cetus | Spotted Cetus Guard 12666 | -6/Cetus | Spotted Cetus Guard 12667 | -6/Cetus | Discovered exit to Factory (range 24) 12670 | -6/Cetus | Spotted Cetus Guard 12681 | -6/Cetus | Destroyed Cetus Guard 12686 | -6/Cetus | Allies destroyed Cetus Guard 12694 | -6/Cetus | Allies destroyed Cetus Guard 12700 | -6/Cetus | Allies destroyed Cetus Guard 12739 | -6/Cetus | Lost 3 allies 12914 | -6/Cetus | Met Revision 17 12967 | -6/Cetus | Entered Archives 12967 | -6/Archives | Accompanied by 19 allies (A7) 12972 | -6/Archives | Received a hacking code to weaken MAIN.C 13025 | -6/Archives | Lost 3 allies 13071 | -6/Archives | Discovered exit to Factory (range 17) 13079 | -6/Archives | Discovered new exit (range 17) 13087 | -6/Archives | Unable to access archive contents 13808 | -6/Archives | Entered Hub_04(d) 13808 | -6/Hub_04(d) | Accompanied by 15 allies 13864 | -6/Hub_04(d) | Garrison activated, responded to threat 13899 | -6/Hub_04(d) | Lost 3 allies 13938 | -6/Hub_04(d) | Discovered exit to Factory (range 24) 14761 | -6/Hub_04(d) | Identified exit to Garrison 14761 | -6/Hub_04(d) | Entered Garrison 14827 | -6/Garrison | Triggered checkpoint 14874 | -6/Garrison | Garrison Relay disabled 14982 | -6/Garrison | Spotted B-75 Beast 15051 | -6/Garrison | Triggered checkpoint 15062 | -6/Garrison | Build established: Gunner 15138 | -6/Garrison | Garrison Relay disabled 15250 | -6/Garrison | Triggered checkpoint 15406 | -6/Garrison | Discovered exit to Factory (range 18) 15498 | -6/Garrison | Triggered checkpoint 15521 | -6/Garrison | Triggered checkpoint 15644 | -6/Garrison | Garrison Relay disabled 15741 | -6/Garrison | Garrison Relay disabled 15896 | -6/Garrison | Build established: Hauler-Gunner 15974 | -6/Garrison | Triggered checkpoint 16094 | -6/Garrison | Discovered exit to Factory (range 12) 16160 | -6/Garrison | Triggered checkpoint 16204 | -6/Garrison | Garrison Relay disabled 16497 | -6/Garrison | Installed Relay Interface Framework 16545 | -6/Garrison | Entered Factory 16545 | -5/Factory | Evolved 2 slots: Power x1, Utility x1 16548 | -5/Factory | Discovered new exit (range 17) 16590 | -5/Factory | Discovered new exit (range 22) 16845 | -5/Factory | First assault squad dispatched 16909 | -5/Factory | Build established: Bothacker-Gunner 17171 | -5/Factory | Found Prototype Launcher 17171 | -5/Factory | Identified Rocket Array 17324 | -5/Factory | Fabricated Y-54 Guardian (x2) 17395 | -5/Factory | Sucked down chute 17395 | -5/Factory | Entered Waste 17396 | -5/Waste | Met a frightened Derelict 17400 | -5/Waste | Found Prototype Launcher 17410 | -5/Waste | EMP discharged 17420 | -5/Waste | 2 allies followed down the chute 17425 | -5/Waste | Spotted C-40 Crusher 17440 | -5/Waste | Destroyed C-40 Crusher 17441 | -5/Waste | Spotted C-40 Crusher 17442 | -5/Waste | Spotted C-40 Crusher 17455 | -5/Waste | Destroyed C-40 Crusher 17455 | -5/Waste | Spotted C-40 Crusher 17460 | -5/Waste | Allies destroyed C-40 Crusher 17476 | -5/Waste | Spotted C-40 Crusher 17477 | -5/Waste | Spotted C-40 Crusher 17483 | -5/Waste | Allies destroyed C-40 Crusher 17494 | -5/Waste | Discovered new exit (range 24) 17510 | -5/Waste | EMP discharged 17510 | -5/Waste | System corruption reached 10% 17552 | -5/Waste | Entered Factory 17552 | -5/Factory | Accompanied by 3 allies 17676 | -5/Factory | Lost 3 allies 17903 | -5/Factory | Discovered new exit (range 17) 17911 | -5/Factory | Spotted B-75 Beast 18128 | -5/Factory | Identified exit to Garrison 18141 | -5/Factory | Entered Garrison 18259 | -5/Garrison | Triggered checkpoint 18388 | -5/Garrison | Rescued a captive Derelict 18390 | -5/Garrison | Rescued a captive Derelict 18406 | -5/Garrison | Garrison Relay disabled 18417 | -5/Garrison | Identified Hellfire Missile Launcher 18458 | -5/Garrison | Triggered checkpoint 18466 | -5/Garrison | Triggered checkpoint 18667 | -5/Garrison | Discovered new exit (range 13) 18675 | -5/Garrison | Build established: Bothacker-Tank 18698 | -5/Garrison | Triggered checkpoint 18738 | -5/Garrison | Garrison Relay disabled 18786 | -5/Garrison | Expanded RIF knowledge: Alert ID Control 18996 | -5/Garrison | Discovered new exit (range 12) 19041 | -5/Garrison | Triggered checkpoint 19099 | -5/Garrison | Triggered checkpoint 19141 | -5/Garrison | Garrison Relay disabled 19313 | -5/Garrison | Triggered checkpoint 19348 | -5/Garrison | Garrison Relay disabled 19451 | -5/Garrison | Triggered checkpoint 19643 | -5/Garrison | Discovered new exit (range 13) 19681 | -5/Garrison | Triggered checkpoint 19726 | -5/Garrison | Lost 4 allies 19816 | -5/Garrison | Garrison Relay disabled 19882 | -5/Garrison | Entered Factory 20135 | -5/Factory | Fabricated Y-54 Guardian (x2) 20482 | -5/Factory | First assault squad dispatched 20882 | -5/Factory | Lost 3 allies 20970 | -5/Factory | Identified exit to Garrison 21023 | -5/Factory | Entered Garrison 21023 | -5/Garrison | Accompanied by 5 allies 21059 | -5/Garrison | Garrison Relay disabled 21099 | -5/Garrison | Triggered checkpoint 21158 | -5/Garrison | Garrison Relay disabled 21256 | -5/Garrison | Triggered checkpoint 21334 | -5/Garrison | Garrison Relay disabled 21355 | -5/Garrison | Rescued a captive Derelict 21482 | -5/Garrison | Triggered checkpoint 21482 | -5/Garrison | P-70 Sage assimilated allied Soldier 6f 21492 | -5/Garrison | Spotted B-75 Beast 21520 | -5/Garrison | Allies destroyed B-75 Beast 21587 | -5/Garrison | Triggered checkpoint 21601 | -5/Garrison | Triggered checkpoint 21638 | -5/Garrison | Lost 3 allies 21671 | -5/Garrison | Triggered checkpoint 21707 | -5/Garrison | Garrison Relay disabled 21741 | -5/Garrison | Discovered new exit (range 20) 21902 | -5/Garrison | Expanded RIF knowledge: Coupler Efficiency 21933 | -5/Garrison | Triggered checkpoint 21971 | -5/Garrison | Garrison Relay disabled 22003 | -5/Garrison | Discovered new exit (range 21) 22179 | -5/Garrison | Triggered checkpoint 22205 | -5/Garrison | Garrison Relay disabled 22269 | -5/Garrison | Discovered new exit (range 10) 22344 | -5/Garrison | Spotted B-86 Titan 22366 | -5/Garrison | Rewired B-86 Titan 22371 | -5/Garrison | Rewired B-75 Beast 22392 | -5/Garrison | Destroyed B-86 Titan 22427 | -5/Garrison | Entered Factory 22427 | -4/Factory | Accompanied by 5 allies 22427 | -4/Factory | Evolved 2 slots: Weapon x2 22469 | -4/Factory | Assimilating Beast 6a into Collective. 22535 | -4/Factory | Identified exit to Garrison 22677 | -4/Factory | First assault squad dispatched 22734 | -4/Factory | Build established: Bothacker-Mutant 22796 | -4/Factory | Assimilating Destroyer 7a into Collective. 22825 | -4/Factory | Assimilating Warrior 7a into Collective. 22846 | -4/Factory | Assimilating Sage 7a into Collective. 22880 | -4/Factory | Lost 7 allies 22910 | -4/Factory | Assimilating Rainmaker 7a into Collective. 23109 | -4/Factory | Repaired Hds. Centrium Wheel 23179 | -4/Factory | Assimilating Sage 7c into Collective. 23404 | -4/Factory | Identified exit to Research 23427 | -4/Factory | Assimilating Assassin 7a into Collective. 23650 | -4/Factory | Lost 3 allies 23650 | -4/Factory | Spotted B-86 Titan 23689 | -4/Factory | Found Exp. Hacking Suite 23732 | -4/Factory | Assimilating Titan 7a into Collective. 23745 | -4/Factory | Identified exit to Garrison 23790 | -4/Factory | Entered Garrison 23790 | -4/Garrison | Accompanied by 4 allies 23797 | -4/Garrison | Found embedded Infiltrators 23862 | -4/Garrison | Triggered checkpoint 23976 | -4/Garrison | Garrison Relay disabled 24066 | -4/Garrison | Spotted B-86 Titan 24084 | -4/Garrison | Destroyed B-86 Titan 24158 | -4/Garrison | Triggered checkpoint 24192 | -4/Garrison | Triggered checkpoint 24213 | -4/Garrison | Assimilating Veteran 7a into Collective. 24219 | -4/Garrison | Assimilating Veteran 7b into Collective. 24241 | -4/Garrison | Triggered checkpoint 24354 | -4/Garrison | Triggered checkpoint 24410 | -4/Garrison | Garrison Relay disabled 24435 | -4/Garrison | Spotted Striker 24459 | -4/Garrison | Allies destroyed Striker 24479 | -4/Garrison | Rewired Executioner 24605 | -4/Garrison | Discovered new exit (range 14) 24629 | -4/Garrison | Assimilating Sage 7g into Collective. 24849 | -4/Garrison | Triggered checkpoint 24867 | -4/Garrison | Assimilating Virus 7a into Collective. 24960 | -4/Garrison | Triggered checkpoint 25024 | -4/Garrison | Triggered checkpoint 25028 | -4/Garrison | Garrison Relay disabled 25065 | -4/Garrison | Expanded RIF knowledge: Signal Jamming 25147 | -4/Garrison | Discovered new exit (range 13) 25271 | -4/Garrison | Found Relay Coupler [Proto] 25275 | -4/Garrison | Found Relay Coupler [Proto] 25278 | -4/Garrison | Found Relay Coupler [Proto] 25281 | -4/Garrison | Found Relay Coupler [Proto] 25335 | -4/Garrison | Build established: Botlord-Mutant 25340 | -4/Garrison | Entered Factory 25340 | -4/Factory | Accompanied by 13 allies 25431 | -4/Factory | Assimilating Virus 7b into Collective. 25612 | -4/Factory | Lost 3 allies 25656 | -4/Factory | Assimilating Sentinel 7a into Collective. 26025 | -4/Factory | Discovered exit to Research (range 12) 26115 | -4/Factory | Lost 3 allies 26156 | -4/Factory | Assimilating Conveyor 7a into Collective. 26219 | -4/Factory | Assimilating Serf 7a into Collective. 26231 | -4/Factory | Garrison activated, responded to threat 26259 | -4/Factory | Cargo convoy interrupted 26262 | -4/Factory | Sage 7i assimilated hostile H-77 Assassin 26272 | -4/Factory | Sage 7i assimilated hostile W-44 Eye 26300 | -4/Factory | Assimilating Assassin 7c into Collective. 26342 | -4/Factory | Assimilating Assassin 7d into Collective. 26358 | -4/Factory | Assimilating Engineer 7a into Collective. 26372 | -4/Factory | Lost 10 allies 26415 | -4/Factory | Assimilating Conveyor 7b into Collective. 26449 | -4/Factory | Found Prototype Device 26449 | -4/Factory | Identified Adv. Kinecellerator 26452 | -4/Factory | Found Prototype Processor 26452 | -4/Factory | Identified Exp. Core Analyzer 26600 | -4/Factory | Assimilating Sage 7i into Collective. 26782 | -4/Factory | Assimilating Sage 7j into Collective. 26825 | -4/Factory | Assimilating Conveyor 7c into Collective. 26840 | -4/Factory | First assault squad dispatched 27037 | -4/Factory | Lost 3 allies 27361 | -4/Factory | Discovered new exit (range 8) 27551 | -4/Factory | Spotted B-86 Titan 27577 | -4/Factory | Allies destroyed B-86 Titan 27681 | -4/Factory | Identified exit to Upper Caves 27752 | -4/Factory | Identified exit to Garrison 27752 | -4/Factory | Entered Garrison 27752 | -4/Garrison | Accompanied by 3 allies 27760 | -4/Garrison | Triggered checkpoint 27790 | -4/Garrison | Assimilating Sentinel 7b into Collective. 27807 | -4/Garrison | Rescued a captive Derelict 27878 | -4/Garrison | Garrison Relay disabled 27951 | -4/Garrison | Expanded RIF knowledge: Threat Obfuscation 28001 | -4/Garrison | Assimilating Sentinel 7c into Collective. 28051 | -4/Garrison | Expanded RIF knowledge: Command Fork 28074 | -4/Garrison | Triggered checkpoint 28086 | -4/Garrison | Triggered checkpoint 28087 | -4/Garrison | Spotted B-86 Titan 28102 | -4/Garrison | Allies destroyed B-86 Titan 28103 | -4/Garrison | Triggered checkpoint 28128 | -4/Garrison | Assimilating 58-S6N(h) into Collective. 28152 | -4/Garrison | Lost 4 allies 28152 | -4/Garrison | Triggered checkpoint 28166 | -4/Garrison | Assimilating Veteran 7d into Collective. 28171 | -4/Garrison | Assimilating Sage 7m into Collective. 28253 | -4/Garrison | Discovered exit to Research (range 12) 28389 | -4/Garrison | Triggered checkpoint 28441 | -4/Garrison | Garrison Relay disabled 28576 | -4/Garrison | Discovered exit to Research (range 11) 28718 | -4/Garrison | Assimilating Sentinel 7d into Collective. 28733 | -4/Garrison | Garrison Relay disabled 28956 | -4/Garrison | Sage 7l assimilated hostile S-27 Virus 28957 | -4/Garrison | Assimilating Sentinel 7f into Collective. 29458 | -4/Garrison | Spotted B-86 Titan 29674 | -4/Garrison | Allies destroyed B-86 Titan 29718 | -4/Garrison | Assimilating Veteran 7e into Collective. 29969 | -4/Garrison | Triggered checkpoint 29983 | -4/Garrison | Garrison Relay disabled 30064 | -4/Garrison | Entered Research 30064 | -3/Research | Accompanied by 13 allies 30064 | -3/Research | Evolved 2 slots: Propulsion x1, Utility x1 30198 | -3/Research | Garrison activated, responded to threat 30264 | -3/Research | Revision forces began assault on 0b10 30312 | -3/Research | Spotted B-86 Titan 30338 | -3/Research | Met up with Revision 17++ 30357 | -3/Research | Allies destroyed B-86 Titan 30626 | -3/Research | Identified exit to Research 30674 | -3/Research | Identified exit to Armory 30674 | -3/Research | Identified exit to Testing 30764 | -3/Research | Research terminal network offline 30900 | -3/Research | Spotted Striker 30903 | -3/Research | Spotted Striker 30920 | -3/Research | Spotted B-86 Titan 30971 | -3/Research | Attached Power Bank, gained temporary slots: Power x3 30987 | -3/Research | Spotted Striker 30988 | -3/Research | Spotted Striker 31240 | -3/Research | Allies destroyed Striker 31266 | -3/Research | Spotted Striker 31322 | -3/Research | Lost 8 allies 31322 | -3/Research | Entered Armory 31322 | -3/Armory | Accompanied by 2 allies 31494 | -3/Armory | Assimilating Beamer 8a into Collective. 31638 | -3/Armory | Found Prototype Launcher 31638 | -3/Armory | Identified Adv. Micro-nuke Launcher 31738 | -3/Armory | Assimilating Beamer 8b into Collective. 31746 | -3/Armory | Assimilating Beamer 8c into Collective. 31753 | -3/Armory | Assimilating Assassin 8a into Collective. 31758 | -3/Armory | Assimilating Rainmaker 8a into Collective. 32188 | -3/Armory | Assimilating Master 8a into Collective. 32282 | -3/Armory | Assimilating Archangel 8a into Collective. 32312 | -3/Armory | Assimilating Master 8b into Collective. 32385 | -3/Armory | Assimilating Assassin 8b into Collective. 32397 | -3/Armory | Assimilating Assassin 8c into Collective. 32456 | -3/Armory | System corruption reached 10% 32477 | -3/Armory | Lost 3 allies 32582 | -3/Armory | Assimilating Warden 8c into Collective. 32854 | -3/Armory | Assimilating Master 8c into Collective. 32940 | -3/Armory | Found Prototype Launcher 32943 | -3/Armory | Identified Com. Tesla Bomb Launcher 32943 | -3/Armory | Found Com. Tesla Bomb Launcher 33034 | -3/Armory | Assimilating Warden 8e into Collective. 33061 | -3/Armory | Assimilating Veteran 8c into Collective. 33101 | -3/Armory | Found Hellfire Missile Launcher 33104 | -3/Armory | Found Hellfire Missile Launcher 33107 | -3/Armory | Found Hellfire Missile Launcher 33269 | -3/Armory | Assimilating Veteran 8d into Collective. 33283 | -3/Armory | Assimilating Veteran 8e into Collective. 33576 | -3/Armory | Spotted B-86 Titan 33596 | -3/Armory | Destroyed B-86 Titan 33643 | -3/Armory | Assimilating Champion 8d into Collective. 34032 | -3/Armory | Unchained authorized (1B-0RG) 34067 | -3/Armory | Discovered new exit (range 5) 34248 | -3/Armory | Assimilating Assassin 8e into Collective. 34430 | -3/Armory | Spotted Armor Guard 34430 | -3/Armory | Spotted Armor Guard 34459 | -3/Armory | Allies destroyed Armor Guard 34474 | -3/Armory | Allies destroyed Armor Guard 34490 | -3/Armory | Found Prototype Device 34490 | -3/Armory | Identified Exp. Weapon Cycler 34509 | -3/Armory | Spotted Armor Guard 34509 | -3/Armory | Spotted Armor Guard 34510 | -3/Armory | Assimilated Armor Guard with formatsys_high 34530 | -3/Armory | Destroyed Armor Guard 34564 | -3/Armory | Breached Obliterator storage 34569 | -3/Armory | Found Disassembled Obliterator 34587 | -3/Armory | Found PL-3XN's Ring of Power 34787 | -3/Armory | Entered Lab 34787 | -3/Lab | Accompanied by 6 allies 34787 | -3/Lab | Discovered exit to Research (range 9) 34807 | -3/Lab | Unable to decrypt terminal 34947 | -3/Lab | Entered Research 34947 | -2/Research | Accompanied by 6 allies 34947 | -2/Research | Evolved 2 slots: Power x2 34983 | -2/Research | Central database locked down 35170 | -2/Research | Unchained authorized (1B-0RG) 35318 | -2/Research | Assimilating Conveyor 9a into Collective. 35471 | -2/Research | Local machine network offline 35741 | -2/Research | P-80 Master assimilated allied Serf 9a 35900 | -2/Research | Garrison activated, responded to threat 35928 | -2/Research | Spotted B-90 Cyclops 35955 | -2/Research | Lost 3 allies 35962 | -2/Research | Allies destroyed B-90 Cyclops 35984 | -2/Research | Assimilating Serf 9b into Collective. 35992 | -2/Research | Found Adv. Kinecellerator 36002 | -2/Research | Found Prototype Device 36015 | -2/Research | Identified Exp. Thermal Shield 36089 | -2/Research | Assimilating Engineer 9a into Collective. 36197 | -2/Research | First assault squad dispatched 36207 | -2/Research | Discovered new exit (range 15) 36238 | -2/Research | Identified exit to Quarantine 36255 | -2/Research | Found Prototype Device 36258 | -2/Research | Identified Exp. EM Disruption Field 36288 | -2/Research | Entered Quarantine 36288 | -2/Quarantine | Accompanied by 6 allies 36329 | -2/Quarantine | Identified exit to Access 36491 | -2/Quarantine | Unchained authorized (1B-0RG) 36541 | -2/Quarantine | Assimilating Processor 9a into Collective. 36576 | -2/Quarantine | Lost 3 allies 36623 | -2/Quarantine | Garrison activated, responded to threat 36637 | -2/Quarantine | Assimilating Terminator 9a into Collective. 36650 | -2/Quarantine | Identified exit to Garrison 36688 | -2/Quarantine | Found Alien Artifact 36690 | -2/Quarantine | Identified Phase Redirector 36784 | -2/Quarantine | Found Prototype Device 36795 | -2/Quarantine | Identified Exp. Transmission Jammer 37190 | -2/Quarantine | Lost 3 allies 37198 | -2/Quarantine | Found Alien Energy Cannon 37198 | -2/Quarantine | Identified Core Cannon 37203 | -2/Quarantine | Core integrity fell below 50% 37220 | -2/Quarantine | Core integrity fell below 20% 37231 | -2/Quarantine | Destroyed by Borg Serf with Self-contained Borg Laser Last Messages --------------- 37212_ Critical hit (Burn: +37). 37212_ Relay Coupler [Sentry] destroyed. 37214_ The unstable cave ceiling collapses. 37214_ Penetrated by Slug. 37216_ Borg Terminator misfires. 37216_ Slug penetrates Earth. 37216_ Knocked back. 37219_ Borg Serf destroyed. 37219_ Penetrated by Slug. 37219_ Slug penetrates Suspension Chamber. 37219_ Com. Tesla Bomb Launcher destroyed. 37219_ Critical hit (Burn: +37). 37220_ The unstable cave ceiling collapses. 37220_ Critical hit (Burn: +37). 37222_ Slug penetrates Wall. 37223_ Critical hit (Burn: +37). 37224_ Borg Terminator misfires. 37227_ Slug penetrates Wall. 37229_ Critical hit (Burn: +37). 37229_ Slug penetrates Wall. Map ----- +----------------------------------------------------+ | ?????????????????????????????????????????????????? | | ?????????????????????????????????????????????????? | | ?????????????????????????????????????????????????? | | ?????????????????????????????????????????????????? | | ?????????????????????????????????????????????????? | | ?????????????????????????????????????????????????? | | ??????????????????????????????????